Workbook

Sheet Units 1 & 2
B1: Table 1.2 Indonesian SAM (in billion rupiahs), 2008
C3: Activities | D3: Commodities | E3: Labour | F3: Capital | G3: Households | H3: Government | I3: Savings and Investment | J3: Rest of World | K3: Total
B4: Activities | C4: 0 | D4: 10175382 | E4: 0 | F4: 0 | G4: 0 | H4: 0 | I4: 0 | J4: 0 | K4: =SUM(C4:J4) -> 10175382
B5: Commodities | C5: 5218149.6 | D5: 2341959.3 | E5: 0 | F5: 0 | G5: 3318104.7 | H5: 335755.84 | I5: 1508830.6 | J5: 1487237.9 | K5: =SUM(C5:J5) -> 14210038
B6: Labour | C6: 2692617.8 | D6: 0 | E6: 0 | F6: 0 | G6: 0 | H6: 0 | I6: 0 | J6: 1707.19 | K6: =SUM(C6:J6) -> 2694325
B7: Capital | C7: 2464317.4 | D7: 0 | E7: 0 | F7: 0 | G7: 0 | H7: 0 | I7: 0 | J7: 6657.51 | K7: =SUM(C7:J7) -> 2470975
B8: Households | C8: 0 | D8: 0 | E8: 2688905.3 | F8: 2379748 | G8: 298083.87 | H8: 288726.37 | I8: 0 | J8: 87682.78 | K8: =SUM(C8:J8) -> 5743146.2
B9: Government | C9: -199701.98 | D9: 344939.88 | E9: 0 | F9: 0 | G9: 735126.08 | H9: 767507.73 | I9: 0 | J9: 2291.08 | K9: =SUM(C9:J9) -> 1650162.8
B10: Savings and Investment | C10: 0 | D10: 0 | E10: 0 | F10: 0 | G10: 1316041.4 | H10: 229473.13 | I10: 0 | J10: -36683.94 | K10: =SUM(C10:J10) -> 1508830.6
B11: Rest of World | C11: 0 | D11: 1347755.9 | E11: 5419.66 | F11: 91226.99 | G11: 75790.18 | H11: 28699.72 | J11: 0 | K11: =SUM(C11:J11) -> 1548892.5
B12: Total | C12: =SUM(C4:C11) -> 10175383 | D12: =SUM(D4:D11) -> 14210038 | E12: =SUM(E4:E11) -> 2694324.9 | F12: =SUM(F4:F11) -> 2470975 | G12: =SUM(G4:G11) -> 5743146.2 | H12: =SUM(H4:H11) -> 1650162.8 | I12: =SUM(I4:I11) -> 1508830.6 | J12: =SUM(J4:J11) -> 1548892.5
B14: Table 2.1 Matrix A and exogenous accounts
C16: Activities | D16: Commodities | E16: Labour | F16: Capital | G16: Households | H16: Government | I16: Savings and Investment | J16: Rest of World
B17: Activities | C17: =C4/C12 -> 0 | D17: =D4/D12 -> 0.71607006 | E17: =E4/E12 -> 0 | F17: =F4/F12 -> 0 | G17: =G4/G12 -> 0 | H17: 0 | I17: 0 | J17: 0
B18: Commodities | C18: =C5/C12 -> 0.51282096 | D18: =D5/D12 -> 0.16481021 | E18: =E5/E12 -> 0 | F18: =F5/F12 -> 0 | G18: =G5/G12 -> 0.57775034 | H18: 0 | I18: 0 | J18: 0
B19: Labour | C19: =C6/C12 -> 0.26462078 | D19: =D6/D12 -> 0 | E19: =E6/E12 -> 0 | F19: =F6/F12 -> 0 | G19: =G6/G12 -> 0 | H19: 0 | I19: 0 | J19: 0
B20: Capital | C20: =C7/C12 -> 0.24218425 | D20: =D7/D12 -> 0 | E20: =E7/E12 -> 0 | F20: =F7/F12 -> 0 | G20: =G7/G12 -> 0 | H20: 0 | I20: 0 | J20: 0
B21: Households | C21: =C8/C12 -> 0 | D21: =D8/D12 -> 0 | E21: =E8/E12 -> 0.99798849 | F21: =F8/F12 -> 0.96308057 | G21: =G8/G12 -> 0.051902539 | H21: 0 | I21: 0 | J21: 0
B22: Government | C22: =C9/C12 -> -0.019625992 | D22: =D9/D12 -> 0.024274382 | E22: =E9/E12 -> 0 | F22: =F9/F12 -> 0 | G22: =G9/G12 -> 0.12800059 | H22: 0 | I22: 0 | J22: 0
B23: Savings and Investment | C23: =C10/C12 -> 0 | D23: =D10/D12 -> 0 | E23: =E10/E12 -> 0 | F23: =F10/F12 -> 0 | G23: =G10/G12 -> 0.2291499 | H23: 0 | I23: 0 | J23: 0
B24: Rest of World | C24: =C11/C12 -> 0 | D24: =D11/D12 -> 0.094845345 | E24: =E11/E12 -> 0.0020115094 | F24: =F11/F12 -> 0.036919431 | G24: =G11/G12 -> 0.013196631 | H24: 0 | I24: 0 | J24: 0
B25: Total | C25: =SUM(C17:C24) -> 1 | D25: =SUM(D17:D24) -> 1 | E25: =SUM(E17:E24) -> 1 | F25: =SUM(F17:F24) -> 1 | G25: =SUM(G17:G24) -> 1 | H25: =SUM(H17:H24) -> 0 | I25: =SUM(I17:I24) -> 0 | J25: =SUM(J17:J24) -> 0
B28: Figures 2.2 (a-d) Generating an Identity Matrix (I)
C30: Activities | D30: Commodities | E30: Labour | F30: Capital | G30: Households | H30: Government | I30: Savings and Investment | J30: Rest of World
B31: Activities | C31: =IF(ROW(A1)=COLUMN(A1),1,0) -> 1 | D31: =IF(ROW(B1)=COLUMN(B1),1,0) -> 0 | E31: =IF(ROW(C1)=COLUMN(C1),1,0) -> 0 | F31: =IF(ROW(D1)=COLUMN(D1),1,0) -> 0 | G31: =IF(ROW(E1)=COLUMN(E1),1,0) -> 0 | H31: =IF(ROW(F1)=COLUMN(F1),1,0) -> 0 | I31: =IF(ROW(G1)=COLUMN(G1),1,0) -> 0 | J31: =IF(ROW(H1)=COLUMN(H1),1,0) -> 0
B32: Commodities | C32: =IF(ROW(A2)=COLUMN(A2),1,0) -> 0 | D32: =IF(ROW(B2)=COLUMN(B2),1,0) -> 1 | E32: =IF(ROW(C2)=COLUMN(C2),1,0) -> 0 | F32: =IF(ROW(D2)=COLUMN(D2),1,0) -> 0 | G32: =IF(ROW(E2)=COLUMN(E2),1,0) -> 0 | H32: =IF(ROW(F2)=COLUMN(F2),1,0) -> 0 | I32: =IF(ROW(G2)=COLUMN(G2),1,0) -> 0 | J32: =IF(ROW(H2)=COLUMN(H2),1,0) -> 0
B33: Labour | C33: =IF(ROW(A3)=COLUMN(A3),1,0) -> 0 | D33: =IF(ROW(B3)=COLUMN(B3),1,0) -> 0 | E33: =IF(ROW(C3)=COLUMN(C3),1,0) -> 1 | F33: =IF(ROW(D3)=COLUMN(D3),1,0) -> 0 | G33: =IF(ROW(E3)=COLUMN(E3),1,0) -> 0 | H33: =IF(ROW(F3)=COLUMN(F3),1,0) -> 0 | I33: =IF(ROW(G3)=COLUMN(G3),1,0) -> 0 | J33: =IF(ROW(H3)=COLUMN(H3),1,0) -> 0
B34: Capital | C34: =IF(ROW(A4)=COLUMN(A4),1,0) -> 0 | D34: =IF(ROW(B4)=COLUMN(B4),1,0) -> 0 | E34: =IF(ROW(C4)=COLUMN(C4),1,0) -> 0 | F34: =IF(ROW(D4)=COLUMN(D4),1,0) -> 1 | G34: =IF(ROW(E4)=COLUMN(E4),1,0) -> 0 | H34: =IF(ROW(F4)=COLUMN(F4),1,0) -> 0 | I34: =IF(ROW(G4)=COLUMN(G4),1,0) -> 0 | J34: =IF(ROW(H4)=COLUMN(H4),1,0) -> 0
B35: Households | C35: =IF(ROW(A5)=COLUMN(A5),1,0) -> 0 | D35: =IF(ROW(B5)=COLUMN(B5),1,0) -> 0 | E35: =IF(ROW(C5)=COLUMN(C5),1,0) -> 0 | F35: =IF(ROW(D5)=COLUMN(D5),1,0) -> 0 | G35: =IF(ROW(E5)=COLUMN(E5),1,0) -> 1 | H35: =IF(ROW(F5)=COLUMN(F5),1,0) -> 0 | I35: =IF(ROW(G5)=COLUMN(G5),1,0) -> 0 | J35: =IF(ROW(H5)=COLUMN(H5),1,0) -> 0
B36: Government | C36: =IF(ROW(A6)=COLUMN(A6),1,0) -> 0 | D36: =IF(ROW(B6)=COLUMN(B6),1,0) -> 0 | E36: =IF(ROW(C6)=COLUMN(C6),1,0) -> 0 | F36: =IF(ROW(D6)=COLUMN(D6),1,0) -> 0 | G36: =IF(ROW(E6)=COLUMN(E6),1,0) -> 0 | H36: =IF(ROW(F6)=COLUMN(F6),1,0) -> 1 | I36: =IF(ROW(G6)=COLUMN(G6),1,0) -> 0 | J36: =IF(ROW(H6)=COLUMN(H6),1,0) -> 0
B37: Savings and Investment | C37: =IF(ROW(A7)=COLUMN(A7),1,0) -> 0 | D37: =IF(ROW(B7)=COLUMN(B7),1,0) -> 0 | E37: =IF(ROW(C7)=COLUMN(C7),1,0) -> 0 | F37: =IF(ROW(D7)=COLUMN(D7),1,0) -> 0 | G37: =IF(ROW(E7)=COLUMN(E7),1,0) -> 0 | H37: =IF(ROW(F7)=COLUMN(F7),1,0) -> 0 | I37: =IF(ROW(G7)=COLUMN(G7),1,0) -> 1 | J37: =IF(ROW(H7)=COLUMN(H7),1,0) -> 0
B38: Rest of World | C38: =IF(ROW(A8)=COLUMN(A8),1,0) -> 0 | D38: =IF(ROW(B8)=COLUMN(B8),1,0) -> 0 | E38: =IF(ROW(C8)=COLUMN(C8),1,0) -> 0 | F38: =IF(ROW(D8)=COLUMN(D8),1,0) -> 0 | G38: =IF(ROW(E8)=COLUMN(E8),1,0) -> 0 | H38: =IF(ROW(F8)=COLUMN(F8),1,0) -> 0 | I38: =IF(ROW(G8)=COLUMN(G8),1,0) -> 0 | J38: =IF(ROW(H8)=COLUMN(H8),1,0) -> 1
B41: Table 2.3 Generating the (I − A) matrix
C43: Activities | D43: Commodities | E43: Labour | F43: Capital | G43: Households | H43: Government | I43: Savings and Investment | J43: Rest of World
B44: Activities | C44: =C31-C17 -> 1 | D44: =D31-D17 -> -0.71607006 | E44: =E31-E17 -> 0 | F44: =F31-F17 -> 0 | G44: =G31-G17 -> 0 | H44: =H31-H17 -> 0 | I44: =I31-I17 -> 0 | J44: =J31-J17 -> 0
B45: Commodities | C45: =C32-C18 -> -0.51282096 | D45: =D32-D18 -> 0.83518979 | E45: =E32-E18 -> 0 | F45: =F32-F18 -> 0 | G45: =G32-G18 -> -0.57775034 | H45: =H32-H18 -> 0 | I45: =I32-I18 -> 0 | J45: =J32-J18 -> 0
B46: Labour | C46: =C33-C19 -> -0.26462078 | D46: =D33-D19 -> 0 | E46: =E33-E19 -> 1 | F46: =F33-F19 -> 0 | G46: =G33-G19 -> 0 | H46: =H33-H19 -> 0 | I46: =I33-I19 -> 0 | J46: =J33-J19 -> 0
B47: Capital | C47: =C34-C20 -> -0.24218425 | D47: =D34-D20 -> 0 | E47: =E34-E20 -> 0 | F47: =F34-F20 -> 1 | G47: =G34-G20 -> 0 | H47: =H34-H20 -> 0 | I47: =I34-I20 -> 0 | J47: =J34-J20 -> 0
B48: Households | C48: =C35-C21 -> 0 | D48: =D35-D21 -> 0 | E48: =E35-E21 -> -0.99798849 | F48: =F35-F21 -> -0.96308057 | G48: =G35-G21 -> 0.94809746 | H48: =H35-H21 -> 0 | I48: =I35-I21 -> 0 | J48: =J35-J21 -> 0
B49: Government | C49: =C36-C22 -> 0.019625992 | D49: =D36-D22 -> -0.024274382 | E49: =E36-E22 -> 0 | F49: =F36-F22 -> 0 | G49: =G36-G22 -> -0.12800059 | H49: =H36-H22 -> 1 | I49: =I36-I22 -> 0 | J49: =J36-J22 -> 0
B50: Savings and Investment | C50: =C37-C23 -> 0 | D50: =D37-D23 -> 0 | E50: =E37-E23 -> 0 | F50: =F37-F23 -> 0 | G50: =G37-G23 -> -0.2291499 | H50: =H37-H23 -> 0 | I50: =I37-I23 -> 1 | J50: =J37-J23 -> 0
B51: Rest of World | C51: =C38-C24 -> 0 | D51: =D38-D24 -> -0.094845345 | E51: =E38-E24 -> -0.0020115094 | F51: =F38-F24 -> -0.036919431 | G51: =G38-G24 -> -0.013196631 | H51: =H38-H24 -> 0 | I51: =I38-I24 -> 0 | J51: =J38-J24 -> 1
B54: Table 2.4 The matrix of multipliers, Ma = (I − A)−1
C56: Activities | D56: Commodities | E56: Labour | F56: Capital | G56: Households | H56: Government | I56: Savings and Investment | J56: Rest of World
B57: Activities | C57: {=MINVERSE(C44:J51)} -> 3.327985 | D57: 2.853328 | E57: 1.7352596 | F57: 1.6745632 | G57: 1.7387572 | H57: 0 | I57: 0 | J57: 0
B58: Commodities | C58: 3.2510576 | D58: 3.9847051 | E58: 2.4233099 | F58: 2.3385466 | G58: 2.4281942 | H58: 0 | I58: 0 | J58: 0
B59: Labour | C59: 0.88065401 | D59: 0.7550499 | E59: 1.4591858 | F59: 0.44312424 | G59: 0.46011129 | H59: 0 | I59: 0 | J59: 0
B60: Capital | C60: 0.80598556 | D60: 0.69103111 | E60: 0.42025255 | F60: 1.4055528 | G60: 0.4210996 | H60: 0 | I60: 0 | J60: 0
B61: Households | C61: 1.7457188 | D61: 1.496734 | E61: 1.9628654 | F61: 1.8942077 | G61: 1.9668216 | H61: 0 | I61: 0 | J61: 0
B62: Government | C62: 0.23705544 | D62: 0.2323097 | E62: 0.27601608 | F62: 0.26636151 | G62: 0.2765724 | H62: 1 | I62: 0 | J62: 0
B63: Savings and Investment | C63: 0.4000313 | D63: 0.34297646 | E63: 0.4497904 | F63: 0.43405751 | G63: 0.45069698 | H63: 0 | I63: 1 | J63: 0
B64: Rest of World | C64: 0.36291326 | D64: 0.42471385 | E64: 0.27419352 | F64: 0.29958098 | G64: 0.27273061 | H64: 0 | I64: 0 | J64: 1
B67: Table 2.5 Illustration of the output multiplier
C69: Activities | D69: Commodities | E69: Labour | F69: Capital | G69: Households | H69: Government | I69: Savings and Investment | J69: Rest of World
B70: Activities | C70: {=MINVERSE(C44:J51)} -> 3.327985 | D70: 2.853328 | E70: 1.7352596 | F70: 1.6745632 | G70: 1.7387572 | H70: 0 | I70: 0 | J70: 0
B71: Commodities | C71: 3.2510576 | D71: 3.9847051 | E71: 2.4233099 | F71: 2.3385466 | G71: 2.4281942 | H71: 0 | I71: 0 | J71: 0
B72: Labour | C72: 0.88065401 | D72: 0.7550499 | E72: 1.4591858 | F72: 0.44312424 | G72: 0.46011129 | H72: 0 | I72: 0 | J72: 0
B73: Capital | C73: 0.80598556 | D73: 0.69103111 | E73: 0.42025255 | F73: 1.4055528 | G73: 0.4210996 | H73: 0 | I73: 0 | J73: 0
B74: Households | C74: 1.7457188 | D74: 1.496734 | E74: 1.9628654 | F74: 1.8942077 | G74: 1.9668216 | H74: 0 | I74: 0 | J74: 0
B75: Government | C75: 0.23705544 | D75: 0.2323097 | E75: 0.27601608 | F75: 0.26636151 | G75: 0.2765724 | H75: 1 | I75: 0 | J75: 0
B76: Savings and Investment | C76: 0.4000313 | D76: 0.34297646 | E76: 0.4497904 | F76: 0.43405751 | G76: 0.45069698 | H76: 0 | I76: 1 | J76: 0
B77: Rest of World | C77: 0.36291326 | D77: 0.42471385 | E77: 0.27419352 | F77: 0.29958098 | G77: 0.27273061 | H77: 0 | I77: 0 | J77: 1
B80: Table 2.6 Illustration of the GDP multiplier
C82: Activities | D82: Commodities | E82: Labour | F82: Capital | G82: Households | H82: Government | I82: Savings and Investment | J82: Rest of World
B83: Activities | C83: {=MINVERSE(C44:J51)} -> 3.327985 | D83: 2.853328 | E83: 1.7352596 | F83: 1.6745632 | G83: 1.7387572 | H83: 0 | I83: 0 | J83: 0
B84: Commodities | C84: 3.2510576 | D84: 3.9847051 | E84: 2.4233099 | F84: 2.3385466 | G84: 2.4281942 | H84: 0 | I84: 0 | J84: 0
B85: Labour | C85: 0.88065401 | D85: 0.7550499 | E85: 1.4591858 | F85: 0.44312424 | G85: 0.46011129 | H85: 0 | I85: 0 | J85: 0
B86: Capital | C86: 0.80598556 | D86: 0.69103111 | E86: 0.42025255 | F86: 1.4055528 | G86: 0.4210996 | H86: 0 | I86: 0 | J86: 0
B87: Households | C87: 1.7457188 | D87: 1.496734 | E87: 1.9628654 | F87: 1.8942077 | G87: 1.9668216 | H87: 0 | I87: 0 | J87: 0
B88: Government | C88: 0.23705544 | D88: 0.2323097 | E88: 0.27601608 | F88: 0.26636151 | G88: 0.2765724 | H88: 1 | I88: 0 | J88: 0
B89: Savings and Investment | C89: 0.4000313 | D89: 0.34297646 | E89: 0.4497904 | F89: 0.43405751 | G89: 0.45069698 | H89: 0 | I89: 1 | J89: 0
B90: Rest of World | C90: 0.36291326 | D90: 0.42471385 | E90: 0.27419352 | F90: 0.29958098 | G90: 0.27273061 | H90: 0 | I90: 0 | J90: 1
B93: Table 2.7 Illustration of income multiplier
C95: Activities | D95: Commodities | E95: Labour | F95: Capital | G95: Households | H95: Government | I95: Savings and Investment | J95: Rest of World
B96: Activities | C96: {=MINVERSE(C44:J51)} -> 3.327985 | D96: 2.853328 | E96: 1.7352596 | F96: 1.6745632 | G96: 1.7387572 | H96: 0 | I96: 0 | J96: 0
B97: Commodities | C97: 3.2510576 | D97: 3.9847051 | E97: 2.4233099 | F97: 2.3385466 | G97: 2.4281942 | H97: 0 | I97: 0 | J97: 0
B98: Labour | C98: 0.88065401 | D98: 0.7550499 | E98: 1.4591858 | F98: 0.44312424 | G98: 0.46011129 | H98: 0 | I98: 0 | J98: 0
B99: Capital | C99: 0.80598556 | D99: 0.69103111 | E99: 0.42025255 | F99: 1.4055528 | G99: 0.4210996 | H99: 0 | I99: 0 | J99: 0
B100: Households | C100: 1.7457188 | D100: 1.496734 | E100: 1.9628654 | F100: 1.8942077 | G100: 1.9668216 | H100: 0 | I100: 0 | J100: 0
B101: Government | C101: 0.23705544 | D101: 0.2323097 | E101: 0.27601608 | F101: 0.26636151 | G101: 0.2765724 | H101: 1 | I101: 0 | J101: 0
B102: Savings and Investment | C102: 0.4000313 | D102: 0.34297646 | E102: 0.4497904 | F102: 0.43405751 | G102: 0.45069698 | H102: 0 | I102: 1 | J102: 0
B103: Rest of World | C103: 0.36291326 | D103: 0.42471385 | E103: 0.27419352 | F103: 0.29958098 | G103: 0.27273061 | H103: 0 | I103: 0 | J103: 1

Sheet Unit 3
A1: Table 3.1 Employment/Output ratios by sector
B2: Total employment (persons) | C2: Output (billion rupiah) | D2: Employment/Output ratio
A3: Agriculture | B3: 42011000 | C3: 1529716 | D3: =B3/C3 -> 27.463268
A4: Industry | B4: 18852000 | C4: 6606482 | D4: =B4/C4 -> 2.8535611
A5: Services | B5: 41363000 | C5: 6073839 | D5: =B5/C5 -> 6.8100258
A6: Source: 2008 SAM and Labour force survey 2008
A8: Table 3.2 Indonesian SAM 2008 with commodities and activities disaggregated
B9: CM-Agr | C9: CM-Ind | D9: CM-Serv | E9: PA-Agri | F9: PA-Ind | G9: PA-Serv | H9: Labour | I9: Capital | J9: Households | K9: Government | L9: S/I | M9: RoW | N9: Total
A10: CM-Agr | B10: 0 | C10: 0 | D10: 0 | E10: 155790.93 | F10: 533831.01 | G10: 183433.07 | H10: 0 | I10: 0 | J10: 644480.88 | K10: 49.49 | L10: -16740.32 | M10: 28870.94 | N10: =SUM(B10:M10) -> 1529716
A11: CM-Ind | B11: 0 | C11: 0 | D11: 0 | E11: 173405.6 | F11: 1759370.4 | G11: 1315296.7 | H11: 0 | I11: 0 | J11: 1603142.4 | K11: 75184.68 | L11: 361276.13 | M11: 1318806.6 | N11: =SUM(B11:M11) -> 6606482.5
A12: CM-Serv | B12: 287173.6 | C12: 883586.17 | D12: 1171199.5 | E12: 30902.25 | F12: 237662.28 | G12: 828457.34 | H12: 0 | I12: 0 | J12: 1070481.4 | K12: 260521.67 | L12: 1164294.8 | M12: 139560.33 | N12: =SUM(B12:M12) -> 6073839.3
A13: PA-Agri | B13: 1169324.3 | C13: 0 | D13: 0 | E13: 0 | F13: 0 | G13: 0 | H13: 0 | I13: 0 | J13: 0 | K13: 0 | L13: 0 | M13: 0 | N13: =SUM(B13:M13) -> 1169324.3
A14: PA-Ind | B14: 0 | C14: 4406803.5 | D14: 0 | E14: 0 | F14: 0 | G14: 0 | H14: 0 | I14: 0 | J14: 0 | K14: 0 | L14: 0 | M14: 0 | N14: =SUM(B14:M14) -> 4406803.5
A15: PA-Serv | B15: 0 | C15: 0 | D15: 4599254.6 | E15: 0 | F15: 0 | G15: 0 | H15: 0 | I15: 0 | J15: 0 | K15: 0 | L15: 0 | M15: 0 | N15: =SUM(B15:M15) -> 4599254.6
A16: Labour | B16: 0 | C16: 0 | D16: 0 | E16: 619025.85 | F16: 654535.17 | G16: 1419056.8 | H16: 0 | I16: 0 | J16: 0 | K16: 0 | L16: 0 | M16: 1707.19 | N16: =SUM(B16:M16) -> 2694325
A17: Capital | B17: 0 | C17: 0 | D17: 0 | E17: 191185.04 | F17: 1334485.9 | G17: 938646.54 | H17: 0 | I17: 0 | J17: 0 | K17: 0 | L17: 0 | M17: 6657.51 | N17: =SUM(B17:M17) -> 2470975
A18: Households | B18: 0 | C18: 0 | D18: 0 | H18: 2688905.3 | I18: 2379748 | J18: 298083.87 | K18: 288726.37 | L18: 0 | M18: 87682.78 | N18: =SUM(B18:M18) -> 5743146.2
A19: Government | B19: 18832.16 | C19: 211204.9 | D19: 114902.82 | E19: -985.25 | F19: -113081.1 | G19: -85635.63 | H19: 0 | I19: 0 | J19: 735126.08 | K19: 767507.73 | L19: 0 | M19: 2291.08 | N19: =SUM(B19:M19) -> 1650162.8
A20: S/I | B20: 0 | C20: 0 | D20: 0 | E20: 0 | F20: 0 | G20: 0 | H20: 0 | I20: 0 | J20: 1316041.4 | K20: 229473.13 | L20: 0 | M20: -36683.94 | N20: =SUM(B20:M20) -> 1508830.6
A21: RoW | B21: 54385.88 | C21: 1104887.9 | D21: 188482.18 | E21: 0 | F21: 0 | G21: 0 | H21: 5419.66 | I21: 91226.99 | J21: 75790.18 | K21: 28699.72 | L21: 0 | M21: 0 | N21: =SUM(B21:M21) -> 1548892.5
A22: Total | B22: =SUM(B10:B21) -> 1529716 | C22: =SUM(C10:C21) -> 6606482.5 | D22: =SUM(D10:D21) -> 6073839.1 | E22: =SUM(E10:E21) -> 1169324.4 | F22: =SUM(F10:F21) -> 4406803.6 | G22: =SUM(G10:G21) -> 4599254.8 | H22: =SUM(H10:H21) -> 2694324.9 | I22: =SUM(I10:I21) -> 2470975 | ... M22: =SUM(M10:M21) -> 1548892.5
A25: Matrix A of Indonesian SAM 2008 with commodities and activities disaggregated
B26: CM-Agr | C26: CM-Ind | D26: CM-Serv | E26: PA-Agri | F26: PA-Ind | G26: PA-Serv | H26: Labour | I26: Capital | J26: Households | K26: Government | L26: S/I | M26: RoW
A27: CM-Agr | B27: =B10/B22 -> 0 | C27: =C10/C22 -> 0 | D27: =D10/D22 -> 0 | E27: =E10/E22 -> 0.13323157 | F27: =F10/F22 -> 0.12113792 | G27: =G10/G22 -> 0.039883216 | H27: =H10/H22 -> 0 | I27: =I10/I22 -> 0 | J27: =J10/J22 -> 0.11221739 | K27: 0 | L27: 0 | M27: 0
A28: CM-Ind | B28: =B11/B22 -> 0 | C28: =C11/C22 -> 0 | D28: =D11/D22 -> 0 | E28: =E11/E22 -> 0.14829554 | F28: =F11/F22 -> 0.39923957 | G28: =G11/G22 -> 0.28598039 | H28: =H11/H22 -> 0 | I28: =I11/I22 -> 0 | J28: =J11/J22 -> 0.2791401 | K28: 0 | L28: 0 | M28: 0
A29: CM-Serv | B29: =B12/B22 -> 0.18773001 | C29: =C12/C22 -> 0.13374533 | D29: =D12/D22 -> 0.19282689 | E29: =E12/E22 -> 0.026427439 | F29: =F12/F22 -> 0.053930763 | G29: =G12/G22 -> 0.1801286 | H29: =H12/H22 -> 0 | I29: =I12/I22 -> 0 | J29: =J12/J22 -> 0.18639285 | K29: 0 | L29: 0 | M29: 0
A30: PA-Agri | B30: =B13/B22 -> 0.76440617 | C30: =C13/C22 -> 0 | D30: =D13/D22 -> 0 | E30: =E13/E22 -> 0 | F30: =F13/F22 -> 0 | G30: =G13/G22 -> 0 | H30: =H13/H22 -> 0 | I30: =I13/I22 -> 0 | J30: =J13/J22 -> 0 | K30: 0 | L30: 0 | M30: 0
A31: PA-Ind | B31: =B14/B22 -> 0 | C31: =C14/C22 -> 0.66704234 | D31: =D14/D22 -> 0 | E31: =E14/E22 -> 0 | F31: =F14/F22 -> 0 | G31: =G14/G22 -> 0 | H31: =H14/H22 -> 0 | I31: =I14/I22 -> 0 | J31: =J14/J22 -> 0 | K31: 0 | L31: 0 | M31: 0
A32: PA-Serv | B32: =B15/B22 -> 0 | C32: =C15/C22 -> 0 | D32: =D15/D22 -> 0.75722365 | E32: =E15/E22 -> 0 | F32: =F15/F22 -> 0 | G32: =G15/G22 -> 0 | H32: =H15/H22 -> 0 | I32: =I15/I22 -> 0 | J32: =J15/J22 -> 0 | K32: 0 | L32: 0 | M32: 0
A33: Labour | B33: =B16/B22 -> 0 | C33: =C16/C22 -> 0 | D33: =D16/D22 -> 0 | E33: =E16/E22 -> 0.5293876 | F33: =F16/F22 -> 0.14852833 | G33: =G16/G22 -> 0.30854059 | H33: =H16/H22 -> 0 | I33: =I16/I22 -> 0 | J33: =J16/J22 -> 0 | K33: 0 | L33: 0 | M33: 0
A34: Capital | B34: =B17/B22 -> 0 | C34: =C17/C22 -> 0 | D34: =D17/D22 -> 0 | E34: =E17/E22 -> 0.16350043 | F34: =F17/F22 -> 0.30282399 | G34: =G17/G22 -> 0.20408666 | H34: =H17/H22 -> 0 | I34: =I17/I22 -> 0 | J34: =J17/J22 -> 0 | K34: 0 | L34: 0 | M34: 0
A35: Households | B35: =B18/B22 -> 0 | C35: =C18/C22 -> 0 | D35: =D18/D22 -> 0 | E35: =E19/E22 -> -0.00084258054 | F35: =F19/F22 -> -0.025660572 | G35: =G19/G22 -> -0.018619458 | H35: =H18/H22 -> 0.99798849 | I35: =I18/I22 -> 0.96308057 | J35: =J18/J22 -> 0.051902539 | K35: 0 | L35: 0 | M35: 0
A36: Government | B36: =B19/B22 -> 0.012310887 | C36: =C19/C22 -> 0.031969342 | D36: =D19/D22 -> 0.018917659 | E36: =E19/E22 -> -0.00084258054 | F36: =F19/F22 -> -0.025660572 | G36: =G19/G22 -> -0.018619458 | H36: =H19/H22 -> 0 | I36: =I19/I22 -> 0 | J36: =J19/J22 -> 0.12800059 | K36: 0 | L36: 0 | M36: 0
A37: S/I | B37: =B20/B22 -> 0 | C37: =C20/C22 -> 0 | D37: =D20/D22 -> 0 | E37: =E20/E22 -> 0 | F37: =F20/F22 -> 0 | G37: =G20/G22 -> 0 | H37: =H20/H22 -> 0 | I37: =I20/I22 -> 0 | J37: =J20/J22 -> 0.2291499 | K37: 0 | L37: 0 | M37: 0
A38: RoW | B38: =B21/B22 -> 0.035552927 | C38: =C21/C22 -> 0.16724299 | D38: =D21/D22 -> 0.031031803 | E38: =E21/E22 -> 0 | F38: =F21/F22 -> 0 | G38: =G21/G22 -> 0 | H38: =H21/H22 -> 0.0020115094 | I38: =I21/I22 -> 0.036919431 | J38: =J21/J22 -> 0.013196631 | K38: 0 | L38: 0 | M38: 0
A39: Total | B39: =SUM(B27:B38) -> 1 | C39: =SUM(C27:C38) -> 1 | D39: =SUM(D27:D38) -> 1 | E39: =SUM(E27:E38) -> 0.99915742 | F39: =SUM(F27:F38) -> 0.97433943 | G39: =SUM(G27:G38) -> 0.98138054 | H39: =SUM(H27:H38) -> 1 | I39: =SUM(I27:I38) -> 1 | ... M39: =SUM(M27:M38) -> 0
A42: Identity Matrix (I)
B43: CM-Agr | C43: CM-Ind | D43: CM-Serv | E43: PA-Agri | F43: PA-Ind | G43: PA-Serv | H43: Labour | I43: Capital | J43: Households | K43: Government | L43: S/I | M43: RoW
A44: CM-Agr | B44: =IF(ROW(A1)=COLUMN(A1),1,0) -> 1 | C44: =IF(ROW(B1)=COLUMN(B1),1,0) -> 0 | D44: =IF(ROW(C1)=COLUMN(C1),1,0) -> 0 | E44: =IF(ROW(D1)=COLUMN(D1),1,0) -> 0 | F44: =IF(ROW(E1)=COLUMN(E1),1,0) -> 0 | G44: =IF(ROW(F1)=COLUMN(F1),1,0) -> 0 | H44: =IF(ROW(G1)=COLUMN(G1),1,0) -> 0 | I44: =IF(ROW(H1)=COLUMN(H1),1,0) -> 0 | ... M44: =IF(ROW(L1)=COLUMN(L1),1,0) -> 0
A45: CM-Ind | B45: =IF(ROW(A2)=COLUMN(A2),1,0) -> 0 | C45: =IF(ROW(B2)=COLUMN(B2),1,0) -> 1 | D45: =IF(ROW(C2)=COLUMN(C2),1,0) -> 0 | E45: =IF(ROW(D2)=COLUMN(D2),1,0) -> 0 | F45: =IF(ROW(E2)=COLUMN(E2),1,0) -> 0 | G45: =IF(ROW(F2)=COLUMN(F2),1,0) -> 0 | H45: =IF(ROW(G2)=COLUMN(G2),1,0) -> 0 | I45: =IF(ROW(H2)=COLUMN(H2),1,0) -> 0 | ... M45: =IF(ROW(L2)=COLUMN(L2),1,0) -> 0
A46: CM-Serv | B46: =IF(ROW(A3)=COLUMN(A3),1,0) -> 0 | C46: =IF(ROW(B3)=COLUMN(B3),1,0) -> 0 | D46: =IF(ROW(C3)=COLUMN(C3),1,0) -> 1 | E46: =IF(ROW(D3)=COLUMN(D3),1,0) -> 0 | F46: =IF(ROW(E3)=COLUMN(E3),1,0) -> 0 | G46: =IF(ROW(F3)=COLUMN(F3),1,0) -> 0 | H46: =IF(ROW(G3)=COLUMN(G3),1,0) -> 0 | I46: =IF(ROW(H3)=COLUMN(H3),1,0) -> 0 | ... M46: =IF(ROW(L3)=COLUMN(L3),1,0) -> 0
A47: PA-Agri | B47: =IF(ROW(A4)=COLUMN(A4),1,0) -> 0 | C47: =IF(ROW(B4)=COLUMN(B4),1,0) -> 0 | D47: =IF(ROW(C4)=COLUMN(C4),1,0) -> 0 | E47: =IF(ROW(D4)=COLUMN(D4),1,0) -> 1 | F47: =IF(ROW(E4)=COLUMN(E4),1,0) -> 0 | G47: =IF(ROW(F4)=COLUMN(F4),1,0) -> 0 | H47: =IF(ROW(G4)=COLUMN(G4),1,0) -> 0 | I47: =IF(ROW(H4)=COLUMN(H4),1,0) -> 0 | ... M47: =IF(ROW(L4)=COLUMN(L4),1,0) -> 0
A48: PA-Ind | B48: =IF(ROW(A5)=COLUMN(A5),1,0) -> 0 | C48: =IF(ROW(B5)=COLUMN(B5),1,0) -> 0 | D48: =IF(ROW(C5)=COLUMN(C5),1,0) -> 0 | E48: =IF(ROW(D5)=COLUMN(D5),1,0) -> 0 | F48: =IF(ROW(E5)=COLUMN(E5),1,0) -> 1 | G48: =IF(ROW(F5)=COLUMN(F5),1,0) -> 0 | H48: =IF(ROW(G5)=COLUMN(G5),1,0) -> 0 | I48: =IF(ROW(H5)=COLUMN(H5),1,0) -> 0 | ... M48: =IF(ROW(L5)=COLUMN(L5),1,0) -> 0
A49: PA-Serv | B49: =IF(ROW(A6)=COLUMN(A6),1,0) -> 0 | C49: =IF(ROW(B6)=COLUMN(B6),1,0) -> 0 | D49: =IF(ROW(C6)=COLUMN(C6),1,0) -> 0 | E49: =IF(ROW(D6)=COLUMN(D6),1,0) -> 0 | F49: =IF(ROW(E6)=COLUMN(E6),1,0) -> 0 | G49: =IF(ROW(F6)=COLUMN(F6),1,0) -> 1 | H49: =IF(ROW(G6)=COLUMN(G6),1,0) -> 0 | I49: =IF(ROW(H6)=COLUMN(H6),1,0) -> 0 | ... M49: =IF(ROW(L6)=COLUMN(L6),1,0) -> 0
A50: Labour | B50: =IF(ROW(A7)=COLUMN(A7),1,0) -> 0 | C50: =IF(ROW(B7)=COLUMN(B7),1,0) -> 0 | D50: =IF(ROW(C7)=COLUMN(C7),1,0) -> 0 | E50: =IF(ROW(D7)=COLUMN(D7),1,0) -> 0 | F50: =IF(ROW(E7)=COLUMN(E7),1,0) -> 0 | G50: =IF(ROW(F7)=COLUMN(F7),1,0) -> 0 | H50: =IF(ROW(G7)=COLUMN(G7),1,0) -> 1 | I50: =IF(ROW(H7)=COLUMN(H7),1,0) -> 0 | ... M50: =IF(ROW(L7)=COLUMN(L7),1,0) -> 0
A51: Capital | B51: =IF(ROW(A8)=COLUMN(A8),1,0) -> 0 | C51: =IF(ROW(B8)=COLUMN(B8),1,0) -> 0 | D51: =IF(ROW(C8)=COLUMN(C8),1,0) -> 0 | E51: =IF(ROW(D8)=COLUMN(D8),1,0) -> 0 | F51: =IF(ROW(E8)=COLUMN(E8),1,0) -> 0 | G51: =IF(ROW(F8)=COLUMN(F8),1,0) -> 0 | H51: =IF(ROW(G8)=COLUMN(G8),1,0) -> 0 | I51: =IF(ROW(H8)=COLUMN(H8),1,0) -> 1 | ... M51: =IF(ROW(L8)=COLUMN(L8),1,0) -> 0
A52: Households | B52: =IF(ROW(A9)=COLUMN(A9),1,0) -> 0 | C52: =IF(ROW(B9)=COLUMN(B9),1,0) -> 0 | D52: =IF(ROW(C9)=COLUMN(C9),1,0) -> 0 | E52: =IF(ROW(D9)=COLUMN(D9),1,0) -> 0 | F52: =IF(ROW(E9)=COLUMN(E9),1,0) -> 0 | G52: =IF(ROW(F9)=COLUMN(F9),1,0) -> 0 | H52: =IF(ROW(G9)=COLUMN(G9),1,0) -> 0 | I52: =IF(ROW(H9)=COLUMN(H9),1,0) -> 0 | ... M52: =IF(ROW(L9)=COLUMN(L9),1,0) -> 0
A53: Government | B53: =IF(ROW(A10)=COLUMN(A10),1,0) -> 0 | C53: =IF(ROW(B10)=COLUMN(B10),1,0) -> 0 | D53: =IF(ROW(C10)=COLUMN(C10),1,0) -> 0 | E53: =IF(ROW(D10)=COLUMN(D10),1,0) -> 0 | F53: =IF(ROW(E10)=COLUMN(E10),1,0) -> 0 | G53: =IF(ROW(F10)=COLUMN(F10),1,0) -> 0 | H53: =IF(ROW(G10)=COLUMN(G10),1,0) -> 0 | I53: =IF(ROW(H10)=COLUMN(H10),1,0) -> 0 | ... M53: =IF(ROW(L10)=COLUMN(L10),1,0) -> 0
A54: S/I | B54: =IF(ROW(A11)=COLUMN(A11),1,0) -> 0 | C54: =IF(ROW(B11)=COLUMN(B11),1,0) -> 0 | D54: =IF(ROW(C11)=COLUMN(C11),1,0) -> 0 | E54: =IF(ROW(D11)=COLUMN(D11),1,0) -> 0 | F54: =IF(ROW(E11)=COLUMN(E11),1,0) -> 0 | G54: =IF(ROW(F11)=COLUMN(F11),1,0) -> 0 | H54: =IF(ROW(G11)=COLUMN(G11),1,0) -> 0 | I54: =IF(ROW(H11)=COLUMN(H11),1,0) -> 0 | ... M54: =IF(ROW(L11)=COLUMN(L11),1,0) -> 0
A55: RoW | B55: =IF(ROW(A12)=COLUMN(A12),1,0) -> 0 | C55: =IF(ROW(B12)=COLUMN(B12),1,0) -> 0 | D55: =IF(ROW(C12)=COLUMN(C12),1,0) -> 0 | E55: =IF(ROW(D12)=COLUMN(D12),1,0) -> 0 | F55: =IF(ROW(E12)=COLUMN(E12),1,0) -> 0 | G55: =IF(ROW(F12)=COLUMN(F12),1,0) -> 0 | H55: =IF(ROW(G12)=COLUMN(G12),1,0) -> 0 | I55: =IF(ROW(H12)=COLUMN(H12),1,0) -> 0 | ... M55: =IF(ROW(L12)=COLUMN(L12),1,0) -> 1
A58: (I-A) Matrix
B60: CM-Agr | C60: CM-Ind | D60: CM-Serv | E60: PA-Agri | F60: PA-Ind | G60: PA-Serv | H60: Labour | I60: Capital | J60: Households | K60: Government | L60: S/I | M60: RoW
A61: CM-Agr | B61: =B44-B27 -> 1 | C61: =C44-C27 -> 0 | D61: =D44-D27 -> 0 | E61: =E44-E27 -> -0.13323157 | F61: =F44-F27 -> -0.12113792 | G61: =G44-G27 -> -0.039883216 | H61: =H44-H27 -> 0 | I61: =I44-I27 -> 0 | ... M61: =M44-M27 -> 0
A62: CM-Ind | B62: =B45-B28 -> 0 | C62: =C45-C28 -> 1 | D62: =D45-D28 -> 0 | E62: =E45-E28 -> -0.14829554 | F62: =F45-F28 -> -0.39923957 | G62: =G45-G28 -> -0.28598039 | H62: =H45-H28 -> 0 | I62: =I45-I28 -> 0 | ... M62: =M45-M28 -> 0
A63: CM-Serv | B63: =B46-B29 -> -0.18773001 | C63: =C46-C29 -> -0.13374533 | D63: =D46-D29 -> 0.80717311 | E63: =E46-E29 -> -0.026427439 | F63: =F46-F29 -> -0.053930763 | G63: =G46-G29 -> -0.1801286 | H63: =H46-H29 -> 0 | I63: =I46-I29 -> 0 | ... M63: =M46-M29 -> 0
A64: PA-Agri | B64: =B47-B30 -> -0.76440617 | C64: =C47-C30 -> 0 | D64: =D47-D30 -> 0 | E64: =E47-E30 -> 1 | F64: =F47-F30 -> 0 | G64: =G47-G30 -> 0 | H64: =H47-H30 -> 0 | I64: =I47-I30 -> 0 | ... M64: =M47-M30 -> 0
A65: PA-Ind | B65: =B48-B31 -> 0 | C65: =C48-C31 -> -0.66704234 | D65: =D48-D31 -> 0 | E65: =E48-E31 -> 0 | F65: =F48-F31 -> 1 | G65: =G48-G31 -> 0 | H65: =H48-H31 -> 0 | I65: =I48-I31 -> 0 | ... M65: =M48-M31 -> 0
A66: PA-Serv | B66: =B49-B32 -> 0 | C66: =C49-C32 -> 0 | D66: =D49-D32 -> -0.75722365 | E66: =E49-E32 -> 0 | F66: =F49-F32 -> 0 | G66: =G49-G32 -> 1 | H66: =H49-H32 -> 0 | I66: =I49-I32 -> 0 | ... M66: =M49-M32 -> 0
A67: Labour | B67: =B50-B33 -> 0 | C67: =C50-C33 -> 0 | D67: =D50-D33 -> 0 | E67: =E50-E33 -> -0.5293876 | F67: =F50-F33 -> -0.14852833 | G67: =G50-G33 -> -0.30854059 | H67: =H50-H33 -> 1 | I67: =I50-I33 -> 0 | ... M67: =M50-M33 -> 0
A68: Capital | B68: =B51-B34 -> 0 | C68: =C51-C34 -> 0 | D68: =D51-D34 -> 0 | E68: =E51-E34 -> -0.16350043 | F68: =F51-F34 -> -0.30282399 | G68: =G51-G34 -> -0.20408666 | H68: =H51-H34 -> 0 | I68: =I51-I34 -> 1 | ... M68: =M51-M34 -> 0
A69: Households | B69: =B52-B35 -> 0 | C69: =C52-C35 -> 0 | D69: =D52-D35 -> 0 | E69: =E52-E35 -> 0.00084258054 | F69: =F52-F35 -> 0.025660572 | G69: =G52-G35 -> 0.018619458 | H69: =H52-H35 -> -0.99798849 | I69: =I52-I35 -> -0.96308057 | ... M69: =M52-M35 -> 0
A70: Government | B70: =B53-B36 -> -0.012310887 | C70: =C53-C36 -> -0.031969342 | D70: =D53-D36 -> -0.018917659 | E70: =E53-E36 -> 0.00084258054 | F70: =F53-F36 -> 0.025660572 | G70: =G53-G36 -> 0.018619458 | H70: =H53-H36 -> 0 | I70: =I53-I36 -> 0 | ... M70: =M53-M36 -> 0
A71: S/I | B71: =B54-B37 -> 0 | C71: =C54-C37 -> 0 | D71: =D54-D37 -> 0 | E71: =E54-E37 -> 0 | F71: =F54-F37 -> 0 | G71: =G54-G37 -> 0 | H71: =H54-H37 -> 0 | I71: =I54-I37 -> 0 | ... M71: =M54-M37 -> 0
A72: RoW | B72: =B55-B38 -> -0.035552927 | C72: =C55-C38 -> -0.16724299 | D72: =D55-D38 -> -0.031031803 | E72: =E55-E38 -> 0 | F72: =F55-F38 -> 0 | G72: =G55-G38 -> 0 | H72: =H55-H38 -> -0.0020115094 | I72: =I55-I38 -> -0.036919431 | ... M72: =M55-M38 -> 1
A75: The matrix of multipliers, Ma = (I − A)−1
A76: Table 3.3 Multipliers from the disaggregated Indonesian SAM 2008
B77: CM-Agr | C77: CM-Ind | D77: CM-Serv | E77: PA-Agri | F77: PA-Ind | G77: PA-Serv | H77: Labour | I77: Capital | J77: Households | K77: Government | L77: S/I | M77: RoW
A78: CM-Agr | B78: {=MINVERSE(B61:M72)} -> 1.4665326 | C78: 0.38993841 | D78: 0.39239597 | E78: 0.513952 | F78: 0.50590084 | G78: 0.41827996 | H78: 0.36479436 | I78: 0.35203448 | J78: 0.36552963 | K78: 0 | L78: 0 | M78: 0
A79: CM-Ind | B79: 1.2055152 | C79: 2.2047594 | D79: 1.3454102 | E79: 1.2466426 | F79: 1.5363599 | G79: 1.4341587 | H79: 1.0541921 | I79: 1.0173183 | J79: 1.0563169 | K79: 0 | L79: 0 | M79: 0
A80: CM-Serv | B80: 1.2130966 | C80: 1.0279415 | D80: 2.3784964 | E80: 1.0028457 | F80: 1.0641434 | G80: 1.2147776 | H80: 0.91199716 | I80: 0.88009706 | J80: 0.91383535 | K80: 0 | L80: 0 | M80: 0
A81: PA-Agri | B81: 1.1210266 | C81: 0.29807133 | D81: 0.2999499 | E81: 1.3928681 | F81: 0.38671373 | G81: 0.31973578 | H81: 0.27885106 | I81: 0.26909733 | J81: 0.2794131 | K81: 0 | L81: 0 | M81: 0
A82: PA-Ind | B82: 0.80412965 | C82: 1.4706679 | D82: 0.89744554 | E82: 0.83156339 | F82: 2.0248171 | G82: 0.9566446 | H82: 0.70319077 | I82: 0.67859437 | J82: 0.7046081 | K82: 0 | L82: 0 | M82: 0
A83: PA-Serv | B83: 0.91858547 | C83: 0.77838163 | D83: 1.8010537 | E83: 0.75937851 | F83: 0.80579458 | G83: 1.9198584 | H83: 0.69058582 | I83: 0.66643031 | J83: 0.69197774 | K83: 0 | L83: 0 | M83: 0
A84: Labour | B84: 0.99631449 | C84: 0.61639343 | D84: 0.84778402 | E84: 1.0951769 | F84: 0.75408448 | G84: 0.9037072 | H84: 1.4651378 | I84: 0.44886807 | J84: 0.46607531 | K84: 0 | L84: 0 | M84: 0
A85: Capital | B85: 0.61426911 | C85: 0.65294561 | D85: 0.68838102 | E85: 0.63453089 | F85: 0.84084298 | G85: 0.73378935 | H85: 0.39947466 | I85: 1.3855017 | J85: 0.40027982 | K85: 0 | L85: 0 | M85: 0
A86: Households | B86: 1.6319192 | C86: 1.2567383 | D86: 1.5317294 | E86: 1.7587085 | F86: 1.5769264 | G86: 1.6327683 | H86: 1.9151822 | I86: 1.8481924 | J86: 1.9190424 | K86: 0 | L86: 0 | M86: 0
A87: Government | B87: 0.24974687 | C87: 0.20311231 | D87: 0.23208412 | E87: 0.25361756 | F87: 0.21003585 | G87: 0.22241039 | H87: 0.2694525 | I87: 0.26002751 | J87: 0.2699956 | K87: 1 | L87: 0 | M87: 0
A88: S/I | B88: 0.37395413 | C88: 0.28798146 | D88: 0.35099564 | E88: 0.40300789 | F88: 0.36135252 | G88: 0.37414869 | H88: 0.43886381 | I88: 0.42351311 | J88: 0.43974837 | K88: 0 | L88: 1 | M88: 0
A89: RoW | B89: 0.33761646 | C89: 0.45642385 | D89: 0.3601039 | E89: 0.30672334 | F89: 0.36132437 | G89: 0.34287675 | H89: 0.26054613 | I89: 0.28641095 | J89: 0.25905571 | K89: 0 | L89: 0 | M89: 1
A93: Figure 3.2 Estimating employment effects
B94: Matrix of Employment-Output Ratios | F94: Matrix of Output Multipliers
B95: Agric | C95: Ind | D95: Serv | F95: Agric | G95: Ind | H95: Serv
A96: Agric | B96: =D3 -> 27.463268 | C96: 0 | D96: 0 | E96: Agric | F96: =B81 -> 1.1210266 | G96: =C81 -> 0.29807133 | H96: =D81 -> 0.2999499
A97: Ind | B97: 0 | C97: =D4 -> 2.8535611 | D97: 0 | E97: Ind | F97: =B82 -> 0.80412965 | G97: =C82 -> 1.4706679 | H97: =D82 -> 0.89744554
A98: Serv | B98: 0 | C98: 0 | D98: =D5 -> 6.8100258 | E98: Serv | F98: =B83 -> 0.91858547 | G98: =C83 -> 0.77838163 | H98: =D83 -> 1.8010537
B100: Matrix of Employment Multipliers | F100: Exogenous Shock | H100: Employment Effects
B101: Agric | C101: Ind | D101: Serv
A102: Agric | B102: {=MMULT(B96:D98,F96:H98)} -> 30.787052 | C102: 8.1860127 | D102: 8.2376044 | E102: Agric | F102: 10 | G102: Agric | H102: {=MMULT(B102:D104,F102:F104)} -> 307.87052
A103: Ind | B103: 2.2946331 | C103: 4.1966406 | D103: 2.5609157 | E103: Ind | F103: 0 | G103: Ind | H103: 22.946331
A104: Serv | B104: 6.2555907 | C104: 5.3007989 | D104: 12.265222 | E104: Serv | F104: 0 | G104: Serv | H104: 62.555907
H105: =H102+H103+H104 -> 393.37276

Sheet Unit 4 (Import Shock)
A1: Table 4.1 the results of the SMART query
A2: 1 | B2: 2 | C2: 3 | D2: 4 | E2: 5 | F2: 6 | G2: 7 | H2: 8 | I2: 9 | J2: 10
A3: partner_iso_n | B3: TradeValue in 1000 USD | C3: Applied Duty Rate | D3: New Duty Rate | E3: Supply Elasticity | F3: Substitution Elasticity | G3: Import Demand Elasticity | H3: Trade Total Effect in 1000 USD | I3: Bound Duty Rate | J3: Product Code | L3: Import Shock (million USD)
A4: 0 | B4: 5768.2651 | C4: 8.1589022 | D4: 0 | E4: 99 | F4: 1.5 | G4: 0.25270161 | H4: 109.95695 | J4: 100610 | L4: =H4/1000 -> 0.10995695 | M4: Rice in the husk (paddy or rough)
A5: 0 | B5: 137412.88 | C5: 5.5179782 | D5: 0 | E5: 99 | F5: 1.5 | G5: 0.054718599 | H5: 393.20215 | J5: 100630 | L5: =H5/1000 -> 0.39320215 | M5: Semi-milled or wholly milled rice, whether or not polished or glazed
A6: 0 | B6: 107292.01 | C6: 9.3983145 | D6: 0 | E6: 99 | F6: 1.5 | G6: 1.210073 | H6: 11153.683 | J6: 100640 | L6: =H6/1000 -> 11.153683 | M6: Broken rice
A7: 156 | B7: 5167.5698 | C7: 8.1589022 | D7: 0 | E7: 99 | F7: 1.5 | G7: 0.25270161 | H7: 98.506256 | I7: 160 | J7: 100610 | K7: Sum | L7: =SUM(L4:L6) -> 11.656842
A8: 356 | B8: 242.694 | C8: 8.1589022 | D8: 0 | E8: 99 | F8: 1.5 | G8: 0.25270161 | H8: 4.6263289 | I8: 160 | J8: 100610
A9: 356 | B9: 230.43401 | C9: 5.5179782 | D9: 0 | E9: 99 | F9: 1.5 | G9: 0.054718599 | H9: 0.65937889 | I9: 160 | J9: 100630
A10: 392 | B10: 39.009998 | C10: 5.5179782 | D10: 0 | E10: 99 | F10: 1.5 | G10: 0.054718599 | H10: 0.11162576 | I10: 160 | J10: 100630 | L10: Table 4.2 Rice products and their HS-6, ISIC-Rev.3, and national classifications
A11: 410 | B11: 17.461 | C11: 5.5179782 | D11: 0 | E11: 99 | F11: 1.5 | G11: 0.054718599 | H11: 0.049964044 | I11: 160 | J11: 100630 | L11: HS-6 | M11: ISIC-Rev .3 | N11: Indonesian 24- Sector Classification | O11: Indonesian 3-Sector Classification
A12: 586 | B12: 2.336 | C12: 5.5179782 | D12: 0 | E12: 99 | F12: 1.5 | G12: 0.054718599 | H12: 0.0066843829 | I12: 160 | J12: 100630 | L12: 100610 (Rice in the husk (paddy or rough)) | M12: 0111 (Growing of cereals and other crops n.e.c.) | N12: Food Crop Agriculture | O12: Agriculture
A13: 586 | B13: 499.14999 | C13: 9.3983145 | D13: 0 | E13: 99 | F13: 1.5 | G13: 1.210073 | H13: 51.889793 | I13: 160 | J13: 100640 | L13: 100630 (Semi-milled or wholly milled rice, whether or not polished or glazed) | M13: 1531 (Manufacture of grain mill products) | N13: Food, beverage and tobacco industry | O13: Industry
A14: 608 | B14: 358.00101 | C14: 8.1589022 | D14: 0 | E14: 99 | F14: 1.5 | G14: 0.25270161 | H14: 6.8243566 | I14: 160 | J14: 100610 | L14: 100640 (Broken rice) | M14: 1531 (Manufacture of grain mill products) | N14: Food, beverage and tobacco industry | O14: Industry
A15: 626 | B15: 1323.382 | C15: 5.5179782 | D15: 0 | E15: 99 | F15: 1.5 | G15: 0.054718599 | H15: 3.7868116 | I15: 160 | J15: 100630
A16: 702 | B16: 250 | C16: 5.5179782 | D16: 0 | E16: 99 | F16: 1.5 | G16: 0.054718599 | H16: 0.7153663 | I16: 160 | J16: 100630
A17: 704 | B17: 18470.5 | C17: 5.5179782 | D17: 0 | E17: 99 | F17: 1.5 | G17: 0.054718599 | H17: 52.852695 | I17: 160 | J17: 100630
A18: 704 | B18: 2500 | C18: 9.3983145 | D18: 0 | E18: 99 | F18: 1.5 | G18: 1.210073 | H18: 259.89078 | I18: 160 | J18: 100640
A19: 764 | B19: 117079.75 | C19: 5.5179782 | D19: 0 | E19: 99 | F19: 1.5 | G19: 0.054718599 | H19: 335.01962 | I19: 160 | J19: 100630
A20: 764 | B20: 104292.86 | C20: 9.3983145 | D20: 0 | E20: 99 | F20: 1.5 | G20: 1.210073 | H20: 10841.901 | I20: 160 | J20: 100640
A24: Table 4.3 Exogenous Change in Final Demand due to an Import Shock (Example of Indonesian Rice Imports)
A25: HS-6 Product | B25: Indonesian 3-Sector Classification | C25: Import Shock (millions of US$) | D25: Converted to billions of Rupiah in 2009 (1US$=10,391) | E25: Deflated to billions of Rupiah in 2008 (Deflator = 1.082) | F25: Assumed Degree of Domestic Demand Displacement (%) | G25: Exogenous Change in Final Demand (billions of Rupiah)
A26: 100610 (Rice in the husk (paddy or rough)) | B26: Agriculture | C26: =L4 -> 0.10995695 | D26: =(C26*1000000*10391)/1000000000 -> 1.1425626 | E26: =D26/1.082 -> 1.0559729 | F26: 100 | G26: =-E26*(F26/100) -> -1.0559729
A27: 100630 (Semi-milled or wholly milled rice, whether or not polished or glazed) | B27: Industry | C27: =L5 -> 0.39320215 | D27: =(C27*1000000*10391)/1000000000 -> 4.0857635 | E27: =D27/1.082 -> 3.7761216 | F27: 100 | G27: =-E27*(F27/100) -> -3.7761216
A28: 100640 (Broken rice) | B28: Industry | C28: =L6 -> 11.153683 | D28: =(C28*1000000*10391)/1000000000 -> 115.89792 | E28: =D28/1.082 -> 107.11453 | F28: 100 | G28: =-E28*(F28/100) -> -107.11453
A32: Figure 4.1 | B32: Employment effects of an import shock (example of Indonesian rice imports)
A33: Matrix of Employment-Output Ratios (E) | F33: Matrix of Output Multipliers (Ma)
B34: Agric | C34: Ind | D34: Serv | F34: Agric | G34: Ind | H34: Serv
A35: Agric | B35: ='Unit 3'!D3 -> 27.463268 | C35: 0 | D35: 0 | E35: Agric | F35: ='Unit 3'!B81 -> 1.1210266 | G35: ='Unit 3'!C81 -> 0.29807133 | H35: ='Unit 3'!D81 -> 0.2999499
A36: Ind | B36: 0 | C36: ='Unit 3'!D4 -> 2.8535611 | D36: 0 | E36: Ind | F36: ='Unit 3'!B82 -> 0.80412965 | G36: ='Unit 3'!C82 -> 1.4706679 | H36: ='Unit 3'!D82 -> 0.89744554
A37: Serv | B37: 0 | C37: 0 | D37: ='Unit 3'!D5 -> 6.8100258 | E37: Serv | F37: ='Unit 3'!B83 -> 0.91858547 | G37: ='Unit 3'!C83 -> 0.77838163 | H37: ='Unit 3'!D83 -> 1.8010537
A39: Matrix of Employment Multipliers (EmpM) | F39: Exogenous Shock (x) | H39: Employment Effects
B40: Agric | C40: Ind | D40: Serv
A41: Agric | B41: {=MMULT(B35:D37,F35:H37)} -> 30.787052 | C41: 8.1860127 | D41: 8.2376044 | E41: Agric | F41: =G26 -> -1.0559729 | G41: Agric | H41: {=MMULT(B41:D43,F41:F43)} -> -940.26253
A42: Ind | B42: 2.2946331 | C42: 4.1966406 | D42: 2.5609157 | E42: Ind | F42: =G27+G28 -> -110.89065 | G42: Ind | H42: -467.79126
A43: Serv | B43: 6.2555907 | C43: 5.3007989 | D43: 12.265222 | E43: Serv | F43: 0 | G43: Serv | H43: -594.41476
G44: Sum | H44: =SUM(H41:H43) -> -2002.4686

Sheet Unit 4 (Export Shock)
A1: Table 4.4 The results of the SMART query on Indonesia's cotton exports to China | L1: Table 4.5 Cotton products and their HS-6, ISIC-Rev.3, and National classifications
A3: (1) partner_iso_n | B3: (2) TradeValue in 1000 USD | C3: (3) Applied Duty Rate | D3: (4) New Duty Rate | E3: (5) Supply Elasticity | F3: (6) Substitution Elasticity | G3: (7) Import Demand Elasticity | H3: (8) Trade Total Effect in 1000 USD | I3: (9) Bound Duty Rate | J3: (10) Product Code | L3: HS-6 | M3: ISIC-Rev.3 | N3: Indonesian 24- Sector Classification | O3: Indonesian 3-Sector Classification
A4: 360 | B4: 426.06699 | C4: 5.315145 | D4: 0 | E4: 99 | F4: 1.5 | G4: 1.029224 | H4: 54.385769 | I4: 40 | J4: 520100 | L4: 520100 (Cotton, not carded or combed.) | M4: 111 (Growing of cereals and other crops n.e.c.) | N4: Crop Agriculture | O4: Agriculture
A5: 360 | B5: 335.54901 | C5: 40 | D5: 0 | E5: 99 | F5: 1.5 | G5: 0.55727839 | H5: 157.2327 | I5: 40 | J5: 520300 | L5: 520300 (Cotton, carded or combed.) | M5: 1711 (Preparation and spinning of textile fibres; weaving of textiles) | N5: Weaving, Textile, Garment & Leather | O5: Industry
A6: 360 | B6: 1246.73 | C6: 5 | D6: 0 | E6: 99 | F6: 1.5 | G6: 0.90336537 | H6: 143.08517 | I6: 5 | J6: 520542 | L6: 520542 (Measuring per single yarn less than 714.29 decitex but not less than 232.56 decitex (exceeding 14 metric number but not exceeding 43 metric number per single yarn)) | M6: 1711 (Preparation and spinning of textile fibres; weaving of textiles) | N6: Weaving, Textile, Garment & Leather | O6: Industry
A7: 360 | B7: 5795.3081 | C7: 5 | D7: 0 | E7: 99 | F7: 1.5 | G7: 0.53460503 | H7: 486.08914 | I7: 10 | J7: 520812 | L7: 520812 (Plain weave, weighing more than 100 g/m2) | M7: 1711 (Preparation and spinning of textile fibres; weaving of textiles) | N7: Weaving, Textile, Garment & Leather | O7: Industry
A8: 360 | B8: 396.267 | C8: 5 | D8: 0 | E8: 99 | F8: 1.5 | G8: 0.41463199 | H8: 35.353191 | I8: 10 | J8: 520819 | L8: 520819 (Other fabrics) | M8: 1711 (Preparation and spinning of textile fibres; weaving of textiles) | N8: Weaving, Textile, Garment & Leather | O8: Industry
A9: 360 | B9: 226.144 | C9: 5 | D9: 0 | E9: 99 | F9: 1.5 | G9: 1.077086 | H9: 27.518906 | I9: 10 | J9: 520832 | L9: 520832 (Plain weave, weighing more than 100 g/m2) | M9: 1711 (Preparation and spinning of textile fibres; weaving of textiles) | N9: Weaving, Textile, Garment & Leather | O9: Industry
A10: 360 | B10: 51.168999 | C10: 5 | D10: 0 | E10: 99 | F10: 1.5 | G10: 0.53667802 | H10: 4.9127502 | I10: 10 | J10: 520839 | L10: 520839 (Other fabrics) | M10: 1711 (Preparation and spinning of textile fibres; weaving of textiles) | N10: Weaving, Textile, Garment & Leather | O10: Industry
A11: 360 | B11: 213.72099 | C11: 5 | D11: 0 | E11: 99 | F11: 1.5 | G11: 1.171258 | H11: 26.93874 | I11: 10 | J11: 520842 | L11: 520842 (Plain weave, weighing more than 100 g/m2) | M11: 1711 (Preparation and spinning of textile fibres; weaving of textiles) | N11: Weaving, Textile, Garment & Leather | O11: Industry
A12: 360 | B12: 5.4530001 | C12: 5 | D12: 0 | E12: 99 | F12: 1.5 | G12: 2.790524 | H12: 1.1089612 | I12: 10 | J12: 520849 | L12: 520849 (Other fabrics) | M12: 1711 (Preparation and spinning of textile fibres; weaving of textiles) | N12: Weaving, Textile, Garment & Leather | O12: Industry
A13: 360 | B13: 15.585 | C13: 10 | D13: 0 | E13: 99 | F13: 1.5 | G13: 0.85012728 | H13: 3.3575497 | I13: 10 | J13: 520911 | L13: 520911 (Plain weave) | M13: 1711 (Preparation and spinning of textile fibres; weaving of textiles) | N13: Weaving, Textile, Garment & Leather | O13: Industry
A14: 360 | B14: 42.540001 | C14: 5 | D14: 0 | E14: 99 | F14: 1.5 | G14: 0.98294449 | H14: 5.0695105 | I14: 10 | J14: 520912 | L14: 520912 (3thread or 4thread twill, including cross twill) | M14: 1711 (Preparation and spinning of textile fibres; weaving of textiles) | N14: Weaving, Textile, Garment & Leather | O14: Industry
A15: 360 | B15: 85.567001 | C15: 5 | D15: 0 | E15: 99 | F15: 1.5 | G15: 0.52964628 | H15: 8.2418718 | I15: 10 | J15: 520919 | L15: 520919 (Other fabrics) | M15: 1711 (Preparation and spinning of textile fibres; weaving of textiles) | N15: Weaving, Textile, Garment & Leather | O15: Industry
... A29: 360 | B29: 10.873 | C29: 5 | D29: 0 | E29: 99 | F29: 1.5 | G29: 1.11561 | H29: 1.3422731 | I29: 10 | J29: 521139 | L29: 521139 (Other fabrics) | M29: 1711 (Preparation and spinning of textile fibres; weaving of textiles) | N29: Weaving, Textile, Garment & Leather | O29: Industry
A33: Table 4.6 Exogenous Change in Final Demand due to an Export Shock (Example of Indonesian Cotton Exports to China)
A34: HS-6 Product | B34: Indonesian 3-Sector Classification | C34: Export Shock (millions of US$) | D34: Converted to billions of Rupiah in 2009 (1US$=10,391) | E34: Deflated to billions of Rupiah in 2008 (Deflator = 1.082) | F34: Exogenous Change in Final Demand (billions of Rupiah)
A35: 520100 (Cotton, not carded or combed.) | B35: Agriculture | C35: =H4/1000 -> 0.054385769 | D35: =(C35*1000000*10391)/1000000000 -> 0.56512252 | E35: =D35/1.082 -> 0.52229438 | F35: =E35 -> 0.52229438
A36: 520300 to 521139 | B36: Industry | C36: =SUM(H5:H29)/1000 -> 1.5850333 | D36: =(C36*1000000*10391)/1000000000 -> 16.470082 | E36: =D36/1.082 -> 15.221887 | F36: =E36 -> 15.221887
A40: Figure 4.2 Employment effects of an export shock (example of Indonesian cotton exports to China)
A42: Matrix of Employment-Output Ratios (E) | F42: Matrix of Output Multipliers (Ma)
B43: Agric | C43: Ind | D43: Serv | F43: Agric | G43: Ind | H43: Serv
A44: Agric | B44: ='Unit 3'!D3 -> 27.463268 | C44: 0 | D44: 0 | E44: Agric | F44: ='Unit 3'!B81 -> 1.1210266 | G44: ='Unit 3'!C81 -> 0.29807133 | H44: ='Unit 3'!D81 -> 0.2999499
A45: Ind | B45: 0 | C45: ='Unit 3'!D4 -> 2.8535611 | D45: 0 | E45: Ind | F45: ='Unit 3'!B82 -> 0.80412965 | G45: ='Unit 3'!C82 -> 1.4706679 | H45: ='Unit 3'!D82 -> 0.89744554
A46: Serv | B46: 0 | C46: 0 | D46: ='Unit 3'!D5 -> 6.8100258 | E46: Serv | F46: ='Unit 3'!B83 -> 0.91858547 | G46: ='Unit 3'!C83 -> 0.77838163 | H46: ='Unit 3'!D83 -> 1.8010537
A48: Matrix of Employment Multipliers (EmpM) | F48: Exogenous Shock (x) | H48: Employment Effects
B49: Agric | C49: Ind | D49: Serv
A50: Agric | B50: {=MMULT(B44:D46,F44:H46)} -> 30.787052 | C50: 8.1860127 | D50: 8.2376044 | E50: Agric | F50: =F35 -> 0.52229438 | G50: Agric | H50: {=MMULT(B50:D52,F50:F52)} -> 140.68646
A51: Ind | B51: 2.2946331 | C51: 4.1966406 | D51: 2.5609157 | E51: Ind | F51: =F36 -> 15.221887 | G51: Ind | H51: 65.079263
A52: Serv | B52: 6.2555907 | C52: 5.3007989 | D52: 12.265222 | E52: Serv | F52: 0 | G52: Serv | H52: 83.955421
G53: Sum | H53: =SUM(H50:H52) -> 289.72115

Sheet Unit 5
A1: Annex 1. Intermediate Demand Sub-Matrix of Indonesian 2008 SAM (in billion rupiahs)
B3: PACrops | C3: PAOther agricultures related | D3: PAAnimal husbandry (Livestock) & its products | E3: PAForestry and the Hunt | F3: PAFishery | G3: PACoal Mining, Metal Ore and Petroleum | H3: PAMining & Quarrying | I3: PAFood, Drink and Tobacco Industries | J3: PAWeaving, Textile, Garment & Leather | K3: PAWood Industry & Wood's Products | L3: PAPaper-pulp, Printing, Transportation & Metal goods & Industry | M3: PAChemical, Fertilizer, Clay Products & Cement | N3: PAElectricity, Gas and Drinking Water | O3: PAConstruction | P3: PATrade | Q3: PARestaurant | R3: PAHotel Affairs | S3: PALand Transportation | T3: PAAir Transportation, Water and Communication | U3: PABank and Insurance | V3: PAReal Estate and Business Services | W3: PAGovernment & Defence, Education, Health, Film & Other Social Services | X3: PAIndividual service, Household and Other services
A4: CMCrops | B4: 19195.54 | C4: 343.88 | D4: 7389.24 | E4: 0 | F4: 675.64 | G4: 0 | H4: 0 | I4: 233960.34 | J4: 0 | K4: 0 | L4: 423.21 | M4: 771.64 | N4: 0 | O4: 0 | P4: 456.69 | Q4: 23409.05 | R4: 1794.77 | S4: 0 | T4: 69.38 | U4: 0 | V4: 0 | W4: 30296.2 | X4: 0
A5: CMOther agricultures related | B5: 11847.84 | C5: 12913.41 | D5: 2137.43 | E5: 2075.68 | F5: 664.15 | G5: 0 | H5: 0 | I5: 102693.46 | J5: 3005.11 | K5: 113.5 | L5: 351.74 | M5: 44908.37 | N5: 0 | O5: 0 | P5: 41.75 | Q5: 1281.76 | R5: 14.94 | S5: 1.54 | T5: 6.38 | U5: 0.07 | V5: 0 | W5: 486.38 | X5: 778.64
A6: CMAnimal husbandry (Livestock) & its products | B6: 16311.81 | C6: 4204.5 | D6: 51712.37 | E6: 0 | F6: 137.87 | G6: 0 | H6: 0 | I6: 10938.53 | J6: 10527.67 | K6: 0.01 | L6: 351.31 | M6: 377.16 | N6: 0 | O6: 0 | P6: 0 | Q6: 65763.04 | R6: 5868.28 | S6: 75.35 | T6: 164.14 | U6: 0 | V6: 1.94 | W6: 11954.34 | X6: 0
A7: CMForestry and the Hunt | B7: 10.75 | C7: 71.84 | D7: 52.57 | E7: 1128.55 | F7: 138.18 | G7: 21.9 | H7: 129.62 | I7: 501.28 | J7: 102.92 | K7: 23638.21 | L7: 2548.91 | M7: 651.37 | N7: 0.02 | O7: 24478.51 | P7: 28.31 | Q7: 67.98 | R7: 10.78 | S7: 6.71 | T7: 0 | U7: 0 | V7: 19.24 | W7: 21.15 | X7: 307.08
A8: CMFishery | B8: 0 | C8: 10.3 | D8: 0 | E8: 0 | F8: 23206.74 | G8: 0 | H8: 0 | I8: 53336.57 | J8: 0.13 | K8: 0 | L8: 803.15 | M8: 49.82 | N8: 0 | O8: 0 | P8: 0 | Q8: 11307.54 | R8: 767.7 | S8: 0 | T8: 58.03 | U8: 0 | V8: 310.33 | W8: 3269.8 | X8: 0
A9: CMCoal Mining, Metal Ore and Petroleum | B9: 0 | C9: 0 | D9: 0 | E9: 0 | F9: 0 | G9: 64105.17 | H9: 0 | I9: 662.37 | J9: 585.57 | K9: 112.09 | L9: 56617.6 | M9: 179264.09 | N9: 21748.8 | O9: 9.54 | P9: 0 | Q9: 0 | R9: 8.24 | S9: 65.92 | T9: 0 | U9: 0 | V9: 0 | W9: 0 | X9: 0
A10: CMMining & Quarrying | B10: 0 | C10: 0.03 | D10: 2.11 | E10: 0 | F10: 0 | G10: 0 | H10: 611.1 | I10: 493 | J10: 0.06 | K10: 0 | L10: 291.76 | M10: 6950.55 | N10: 0 | O10: 88378.1 | P10: 43.36 | Q10: 0.1 | R10: 0 | S10: 0 | T10: 0 | U10: 0 | V10: 0 | W10: 1162.46 | X10: 0
A11: CMFood, Drink and Tobacco Industries | B11: 0 | C11: 489.24 | D11: 61608.32 | E11: 0 | F11: 8260.69 | G11: 0 | H11: 0 | I11: 168967.82 | J11: 1690.24 | K11: 917.8 | L11: 1032.14 | M11: 4172.35 | N11: 0 | O11: 0 | P11: 1379.93 | Q11: 58732.12 | R11: 5748.37 | S11: 115.27 | T11: 3395.46 | U11: 298.73 | V11: 920.92 | W11: 23957 | X11: 538.31
A12: CMWeaving, Textile, Garment & Leather | B12: 251.08 | C12: 225.76 | D12: 7.69 | E12: 120.54 | F12: 14.38 | G12: 183.86 | H12: 33.65 | I12: 229.02 | J12: 79237.86 | K12: 727.89 | L12: 2953.95 | M12: 1380.03 | N12: 18.07 | O12: 515.53 | P12: 9084.35 | Q12: 2111.22 | R12: 131.95 | S12: 497.27 | T12: 403.61 | U12: 62.18 | V12: 739.18 | W12: 1304.04 | X12: 2757.77
A13: CMWood Industry & Wood's Products | B13: 72.99 | C13: 76.54 | D13: 16.33 | E13: 0 | F13: 166.1 | G13: 0 | H13: 99.88 | I13: 259.72 | J13: 188.57 | K13: 38212.92 | L13: 6929.7 | M13: 389.24 | N13: 0 | O13: 67375.77 | P13: 4768.99 | Q13: 17.47 | R13: 2.09 | S13: 23.92 | T13: 11.98 | U13: 4.56 | V13: 15.47 | W13: 279.32 | X13: 194.52
A14: CMPaper, Printing, Transportation & Metal goods & Industry | B14: 527.43 | C14: 2267.19 | D14: 84.78 | E14: 3268.34 | F14: 1835.39 | G14: 13142.29 | H14: 1555.45 | I14: 6865.58 | J14: 6143.11 | K14: 4181.43 | L14: 250090.71 | M14: 11126.87 | N14: 2603.38 | O14: 217801.09 | P14: 30255.78 | Q14: 161.65 | R14: 160.81 | S14: 6984.25 | T14: 11176.81 | U14: 6378.71 | V14: 6561.34 | W14: 22545.81 | X14: 42697.43
A15: CMChemical, Fertilizer, Clay Products & Cement | B15: 23104.38 | C15: 26293.89 | D15: 2808.3 | E15: 811.79 | F15: 7476.4 | G15: 7415.87 | H15: 6552.4 | I15: 14082.9 | J15: 25814.63 | K15: 10494.22 | L15: 99102.13 | M15: 112929.82 | N15: 29374.76 | O15: 174676.25 | P15: 55628.11 | Q15: 1493 | R15: 179.39 | S15: 59616.9 | T15: 28457.59 | U15: 2255.23 | V15: 4078.78 | W15: 22848.47 | X15: 29843.3
... A27: Gross Output | B27: 468256.54 | C27: 202251.13 | D27: 265105.54 | E27: 52221.88 | F27: 182474.58 | G27: 610107.14 | H27: 82053.44 | I27: 952513.8 | J27: 292371.06 | K27: 173145.44 | L27: 1246992.6 | M27: 1162701.3 | N27: 206047.04 | O27: 1219988.9 | P27: 1013876.9 | Q27: 285032.01 | R27: 39602.59 | S27: 266367.39 | T27: 326708.72 | U27: 268190.02 | V27: 286491.47 | W27: 493328.11 | X27: 279257.25
B31: Table 5.1 Aggregated intermediate demand submatrix of Indonesian SAM 2008
C33: PA Agr | D33: PA Ind | E33: PA Serv
B34: CM Agr | C34: =SUM(B4:F8) -> 154228.29 | D34: =SUM(G4:M8) -> 490205.93 | E34: =SUM(N4:X8) -> 183117.82
B35: CM Ind | C35: =SUM(B9:F15) -> 139789.69 | D35: =SUM(G9:M15) -> 1186797.4 | E35: =SUM(N9:X15) -> 1052600.7
B36: CM Serv | C36: =SUM(B16:F26) -> 30543.33 | D36: =SUM(G16:M26) -> 205541.61 | E36: =SUM(N16:X26) -> 747315.81
B37: Gross output | C37: =SUM(B27:F27) -> 1170309.7 | D37: =SUM(G27:M27) -> 4519884.7 | E37: =SUM(N27:X27) -> 4684890.4
B41: Backward Linkages based on Leontief Inverse | H41: Forward linkages based on Ghosh Inverse
B45: Table 5.2 The technical coefficient matrix | H45: Table 5.5 The allocation matrix B
C47: PA-Agr | D47: PA-Ind | E47: PA-Serv | J47: PA-Agr | K47: PA-Ind | L47: PA-Serv
A48: A Matrix | B48: CM-Agr | C48: =C34/C37 -> 0.13178417 | D48: =D34/D37 -> 0.10845541 | E48: =E34/E37 -> 0.039086895 | H48: B Matrix | I48: CM-Agr | J48: =C34/$C$37 -> 0.13178417 | K48: =D34/$C$37 -> 0.41886856 | L48: =E34/$C$37 -> 0.15646954
B49: CM-Ind | C49: =C35/C37 -> 0.11944675 | D49: =D35/D37 -> 0.26257249 | E49: =E35/E37 -> 0.22467991 | I49: CM-Ind | J49: =C35/$D$37 -> 0.030927711 | K49: =D35/$D$37 -> 0.26257249 | L49: =E35/$D$37 -> 0.23288221
B50: CM-Serv | C50: =C36/C37 -> 0.026098503 | D50: =D36/D37 -> 0.045474967 | E50: =E36/E37 -> 0.15951618 | I50: CM-Serv | J50: =C36/$E$37 -> 0.0065195399 | K50: =D36/$E$37 -> 0.043873302 | L50: =E36/$E$37 -> 0.15951618
C53: PA-Agr | D53: PA-Ind | E53: PA-Serv | J53: PA-Agr | K53: PA-Ind | L53: PA-Serv
A54: I Matrix | B54: CM-Agr | C54: 1 | D54: 0 | E54: 0 | H54: I Matrix | I54: CM-Agr | J54: 1 | K54: 0 | L54: 0
B55: CM-Ind | C55: 0 | D55: 1 | E55: 0 | I55: CM-Ind | J55: 0 | K55: 1 | L55: 0
B56: CM-Serv | C56: 0 | D56: 0 | E56: 1 | I56: CM-Serv | J56: 0 | K56: 0 | L56: 1
C60: PA-Agr | D60: PA-Ind | E60: PA-Serv | J60: PA-Agr | K60: PA-Ind | L60: PA-Serv
A61: I-A Matrix | B61: CM-Agr | C61: =C54-C48 -> 0.86821583 | D61: =D54-D48 -> -0.10845541 | E61: =E54-E48 -> -0.039086895 | H61: I-B Matrix | I61: CM-Agr | J61: =J54-J48 -> 0.86821583 | K61: =K54-K48 -> -0.41886856 | L61: =L54-L48 -> -0.15646954
B62: CM-Ind | C62: =C55-C49 -> -0.11944675 | D62: =D55-D49 -> 0.73742751 | E62: =E55-E49 -> -0.22467991 | I62: CM-Ind | J62: =J55-J49 -> -0.030927711 | K62: =K55-K49 -> 0.73742751 | L62: =L55-L49 -> -0.23288221
B63: CM-Serv | C63: =C56-C50 -> -0.026098503 | D63: =D56-D50 -> -0.045474967 | E63: =E56-E50 -> 0.84048382 | I63: CM-Serv | J63: =J56-J50 -> -0.0065195399 | K63: =K56-K50 -> -0.043873302 | L63: =L56-L50 -> 0.84048382
B66: Table 5.3 The Leontief inverse multiplier matrix | H66: Table 5.6 Ghosh inverse multipliers
C68: PA-Agr | D68: PA-Ind | E68: PA-Serv | J68: PA-Agr | K68: PA-Ind | L68: PA-Serv | M68: Row sum of Ghosh Inverse
A69: INV I-A | B69: CM-Agr | C69: {=MINVERSE(C61:E63)} -> 1.1796231 | D69: 0.17983787 | E69: 0.10293328 | H69: INV I-B | I69: CM-Agr | J69: {=MINVERSE(J61:L63)} -> 1.1796231 | K69: 0.69455671 | L69: 0.41205432 | M69: =SUM(J69:L69) -> 2.2862341
B70: CM-Ind | C70: 0.20562249 | D70: 1.4101428 | E70: 0.38652486 | I70: CM-Ind | J70: 0.053240735 | K70: 1.4101428 | L70: 0.40063557 | M70: =SUM(J70:L70) -> 1.8640191
B71: CM-Serv | C71: 0.047754724 | D71: 0.081881048 | E71: 1.2139004 | I71: CM-Serv | J71: 0.011929375 | K71: 0.07899713 | L71: 1.2139004 | M71: =SUM(J71:L71) -> 1.3048269
B72: Column Sum of Leontief Inverse | C72: =SUM(C69:C71) -> 1.4330003 | D72: =SUM(D69:D71) -> 1.6718617 | E72: =SUM(E69:E71) -> 1.7033585
B75: Rasmussen (1957) Normalization | H75: Rasmussen (1957) Normalization
C76: n | D76: Number of sectors | E76: 3 | I76: n | J76: Number of sectors | K76: 3
D77: The total sum of values in the Leontief Inverse | E77: =SUM(C69:E71) -> 4.8082205 | J77: The total sum of values in the Ghosh inverse | K77: =SUM(J69:L71) -> 5.4550801
B81: Table 5.4 Normalized backward linkages | H81: Table 5.7 Normalized forward linkages
D83: PA-Agr | E83: PA-Ind | F83: PA-Serv | J83: Total Forward effects
C84: Total Backward effects | D84: =C72/((1/$E$76)*$E$77) -> 0.89409397 | E84: =D72/((1/$E$76)*$E$77) -> 1.0431271 | F84: =E72/((1/$E$76)*$E$77) -> 1.0627789 | I84: CM-Agr | J84: =M69/((1/$K$76)*$K$77) -> 1.2573055
I85: CM-Ind | J85: =M70/((1/$K$76)*$K$77) -> 1.02511
I86: CM-Serv | J86: =M71/((1/$K$76)*$K$77) -> 0.71758444

Sheet IDN SAM 2008
B2: A 2008 Social Accounting Matrix (SAM) for Indonesia
B5: Unit: Billion rupiahs
B6: Source: Central Statistics Bureau of Indonesia
B8: Social Accounting Matrix Indonesia 2008 | D8: FPRural Agriculture Receiver of Wage & Salary | E8: FPUrban Agriculture Receiver of Wage & Salary | F8: FPRural Agriculture Non-Receiver of Wage & Salary | G8: FPUrban Agriculture Non-Receiver of Wage & Salary | H8: FPRural Production, Transportation Operator, Manual Labourer Receiver of Wage & Salary | I8: FPUrban Production, Transportation Operator, Manual Labourer Receiver of Wage & Salary | J8: FPRural Production, Transportation Operator, Manual Labourer Non-Receiver of Wage & Salary | K8: FPUrban Production, Transportation Operator, Manual Labourer Non-Receiver of Wage & Salary | L8: FPRural Administration, Marketing, Services Receiver of Wage & Salary | M8: FPUrban Administration, Marketing, Services Receiver of Wage & Salary | N8: FPRural Administration, Marketing, Services Non-Receiver of Wage & Salary | O8: FPUrban Administration, Marketing, Services Non-Receiver of Wage & Salary | P8: FPRural Leadership, Management, Military, Professional & Technician Receiver of Wage & Salary | Q8: FPUrban Leadership, Management, Military, Professional & Technician Receiver of Wage & Salary | R8: FPRural Leadership, Management, Military, Professional & Technician Non-Receiver of Wage & Salary | S8: FPUrban Leadership, Management, Military, Professional & Technician Non-Receiver of Wage & Salary | T8: FP Gross Operating Surplus | U8: IN Agriculture Labourers | V8: IN Agriculture Entrepreneurs | W8: IN Non Agriculture Rural Low-class entrepreneurs, TU personnel, traveling traders, freelancer of the freight sector, individual services, manual labor | X8: IN Non Agriculture Rural Agriculture Entrepreneur Non Labour force & no (unclear) catagories | Y8: IN Non Agriculture Rural Top-class entrepreneurs, non-agricultural entrepreneurs, manager, military, professional, technician, teacher, TU worker and top class sales | Z8: IN Non Agriculture urban Low-class entrepreneurs, TU personnel, traveling traders, freelancer of the freight sector, individual services, manual labor | AA8: IN Non Agriculture urban Agriculture Entrepreneur Non Labour force & no (unclear) catagories | AB8: IN Non Agriculture urban Top-class entrepreneurs, non0agricultural entrepreneurs, manager, military, professional, technician, teacher, TU worker and top class sales | AC8: Companies | AD8: Government | AE8: PACrops | AF8: PAOther agricultures related | AG8: PAAnimal husbandry (Livestock) & its products | AH8: PAForestry and Hunting | AI8: PAFishery | AJ8: PACoal Mining, Metal Ore and Petroleum | AK8: PAMining & Quarrying | AL8: PAFood, Drink and Tobacco Industries | AM8: PAWeaving, Textile, Garment & Leather | AN8: PAWood Industry & Wood's Products | AO8: PAPaper-pulp, Printing, Transportation & Metal goods & Industry | AP8: PAChemical, Fertilizer, Clay Products & Cement | AQ8: PAElectricity, Gas and Drinking Water | AR8: PAConstruction | AS8: PATrade | AT8: PARestaurant | AU8: PAHotel Activities | AV8: PALand Transportation | AW8: PAAir Transportation, Water and Communication | AX8: PABank and Insurance | AY8: PAReal Estate and Business Services | AZ8: PAGovernment & Defence, Education, Health, Film & Other Social Services | BA8: PAIndividual service, Household and Other services | BB8: CM Trade Margin | BC8: CM Transportation Margin | BD8: CMCrops | BE8: CMOther agricultures related | BF8: CMAnimal husbandry (Livestock) & its products | BG8: CMForestry and the Hunting | BH8: CMFishery | BI8: CMCoal Mining, Metal Ore and Petroleum | BJ8: CMMining & Quarrying | BK8: CMFood, Drink and Tobacco Industries | BL8: CMWeaving, Textile, Garment & Leather | BM8: CMWood Industry & Wood's Products | BN8: CMPaper0pulp, Printing, Transportation & Metal goods & Industry | BO8: CMChemical, Fertilizer, Clay Products & Cement | BP8: CMElectricity, Gas and Drinking Water | BQ8: CMConstruction | BR8: CMTrade | BS8: CMRestaurant | BT8: CMHotel Activities | BU8: CMLand Transportation | BV8: CMAir Transportation, Water and Communication | BW8: CMBank and Insurance | BX8: CMReal Estate and Business Services | BY8: CMGovernment & Defence, Education, Health, Film & Other Social Services | BZ8: CM Individual service, Household and Other services | CA8: MCrops | CB8: MOther agricultures related | CC8: MAnimal husbandry (Livestock) & its products | CD8: MForestry and Hunting | CE8: MFishery | CF8: MCoal Mining, Metal Ore and Petroleum | CG8: MMining & Quarrying | CH8: MFood, Drink and Tobacco Industries | CI8: MWeaving, Textile, Garment & Leather | CJ8: MWood Industry & Wood's Products | CK8: Mpaper-pulp, Printing, Transportation & Metal goods & Industry | CL8: MChemical, Fertilizer, Clay Products & Cement | CM8: MElectricity, Gas and Drinking Water | CN8: MConstruction | CO8: MTrade | CP8: MRestaurant | CQ8: MHotel Activities | CR8: MLand Transportation | CS8: MAir Transportation, Water and Communication | CT8: MBank and Insurance | CU8: MReal Estate and Business Services | CV8: MGovernment & Defence, Education, Health, Film & Other Social Services | CW8: MIndividual service, Household and Other services | CX8: Capital Balance | CY8: INNo Tax | CZ8: Overseas RoW Account
D9: 1 | E9: 2 | F9: 3 | G9: 4 | H9: 5 | I9: 6 | J9: 7 | K9: 8 | L9: 9 | M9: 10 | N9: 11 | O9: 12 | P9: 13 | Q9: 14 | R9: 15 | S9: 16 | T9: 17 | U9: 18 | V9: 19 | W9: 20 | X9: 21 | Y9: 22 | Z9: 23 | AA9: 24 | AB9: 25 | AC9: 26 | AD9: 27 | AE9: 28 | AF9: 29 | AG9: 30 | AH9: 31 | AI9: 32 | AJ9: 33 | AK9: 34 | AL9: 35 | AM9: 36 | AN9: 37 | AO9: 38 | AP9: 39 | AQ9: 40 | AR9: 41 | AS9: 42 | AT9: 43 | AU9: 44 | AV9: 45 | AW9: 46 | AX9: 47 | AY9: 48 | AZ9: 49 | BA9: 50 | BB9: 51 | BC9: 52 | BD9: 53 | BE9: 54 | BF9: 55 | BG9: 56 | BH9: 57 | BI9: 58 | BJ9: 59 | BK9: 60 | BL9: 61 | BM9: 62 | BN9: 63 | BO9: 64 | BP9: 65 | BQ9: 66 | BR9: 67 | BS9: 68 | BT9: 69 | BU9: 70 | BV9: 71 | BW9: 72 | BX9: 73 | BY9: 74 | BZ9: 75 | CA9: 76 | CB9: 77 | CC9: 78 | CD9: 79 | CE9: 80 | CF9: 81 | CG9: 82 | CH9: 83 | CI9: 84 | CJ9: 85 | CK9: 86 | CL9: 87 | CM9: 88 | CN9: 89 | CO9: 90 | CP9: 91 | CQ9: 92 | CR9: 93 | CS9: 94 | CT9: 95 | CU9: 96 | CV9: 97 | CW9: 98 | CX9: 99 | CY9: 100 | CZ9: 101 | DA9: Total
B10: FPRural Agriculture Receiver of Wage & Salary | C10: 1 | D10: 0 | E10: 0 | F10: 0 | G10: 0 | H10: 0 | I10: 0 | J10: 0 | K10: 0 | L10: 0 | M10: 0 | N10: 0 | O10: 0 | P10: 0 | Q10: 0 | R10: 0 | S10: 0 | T10: 0 | U10: 0 | V10: 0 | W10: 0 | X10: 0 | Y10: 0 | Z10: 0 | AA10: 0 | AB10: 0 | AC10: 0 | AD10: 0 | AE10: 52894.06 | AF10: 30959.21 | AG10: 28522.55 | AH10: 4358.09 | AI10: 14393.93 | AJ10: 0 | AK10: 0 | AL10: 0 | AM10: 0 | AN10: 0 | AO10: 0 | AP10: 0 | AQ10: 0 | AR10: 0 | AS10: 0 | AT10: 0 | AU10: 0 | AV10: 0 | AW10: 0 | AX10: 0 | AY10: 0 | AZ10: 0 | BA10: 0 | BB10: 0 | BC10: 0 | BD10: 0 | BE10: 0 | BF10: 0 | BG10: 0 | BH10: 0 | BI10: 0 | BJ10: 0 | BK10: 0 | BL10: 0 | BM10: 0 | BN10: 0 | BO10: 0 | BP10: 0 | BQ10: 0 | BR10: 0 | BS10: 0 | BT10: 0 | BU10: 0 | BV10: 0 | BW10: 0 | BX10: 0 | BY10: 0 | BZ10: 0 | CA10: 0 | CB10: 0 | CC10: 0 | CD10: 0 | CE10: 0 | CF10: 0 | CG10: 0 | CH10: 0 | CI10: 0 | CJ10: 0 | CK10: 0 | CL10: 0 | CM10: 0 | CN10: 0 | CO10: 0 | CP10: 0 | CQ10: 0 | CR10: 0 | CS10: 0 | CT10: 0 | CU10: 0 | CV10: 0 | CW10: 0 | CX10: 0 | CY10: 0 | CZ10: 0 | DA10: =SUM(D10:CZ10) -> 131127.84 | DB10: 131127.83 | DC10: =DA10-DB10 -> 0.01
B11: FPUrban Agriculture Receiver of Wage & Salary | C11: 2 | D11: 0 | E11: 0 | F11: 0 | G11: 0 | H11: 0 | I11: 0 | J11: 0 | K11: 0 | L11: 0 | M11: 0 | N11: 0 | O11: 0 | P11: 0 | Q11: 0 | R11: 0 | S11: 0 | T11: 0 | U11: 0 | V11: 0 | W11: 0 | X11: 0 | Y11: 0 | Z11: 0 | AA11: 0 | AB11: 0 | AC11: 0 | AD11: 0 | AE11: 10845.63 | AF11: 5885.92 | AG11: 6952.97 | AH11: 1849.61 | AI11: 9472.03 | AJ11: 0 | AK11: 0 | AL11: 0 | AM11: 0 | AN11: 0 | AO11: 0 | AP11: 0 | AQ11: 0 | AR11: 0 | AS11: 0 | AT11: 0 | AU11: 0 | AV11: 0 | AW11: 0 | AX11: 0 | AY11: 0 | AZ11: 0 | BA11: 0 | BB11: 0 | BC11: 0 | BD11: 0 | BE11: 0 | BF11: 0 | BG11: 0 | BH11: 0 | BI11: 0 | BJ11: 0 | BK11: 0 | BL11: 0 | BM11: 0 | BN11: 0 | BO11: 0 | BP11: 0 | BQ11: 0 | BR11: 0 | BS11: 0 | BT11: 0 | BU11: 0 | BV11: 0 | BW11: 0 | BX11: 0 | BY11: 0 | BZ11: 0 | CA11: 0 | CB11: 0 | CC11: 0 | CD11: 0 | CE11: 0 | CF11: 0 | CG11: 0 | CH11: 0 | CI11: 0 | CJ11: 0 | CK11: 0 | CL11: 0 | CM11: 0 | CN11: 0 | CO11: 0 | CP11: 0 | CQ11: 0 | CR11: 0 | CS11: 0 | CT11: 0 | CU11: 0 | CV11: 0 | CW11: 0 | CX11: 0 | CY11: 0 | CZ11: 0 | DA11: =SUM(D11:CZ11) -> 35006.16 | DB11: 35006.16 | DC11: =DA11-DB11 -> 0
B12: FPRural Agriculture Non-Receiver of Wage & Salary | C12: 3 | D12: 0 | E12: 0 | F12: 0 | G12: 0 | H12: 0 | I12: 0 | J12: 0 | K12: 0 | L12: 0 | M12: 0 | N12: 0 | O12: 0 | P12: 0 | Q12: 0 | R12: 0 | S12: 0 | T12: 0 | U12: 0 | V12: 0 | W12: 0 | X12: 0 | Y12: 0 | Z12: 0 | AA12: 0 | AB12: 0 | AC12: 0 | AD12: 0 | AE12: 263181.11 | AF12: 60361.4 | AG12: 42385.56 | AH12: 4822.99 | AI12: 17206.47 | AJ12: 0 | AK12: 0 | AL12: 0 | AM12: 0 | AN12: 0 | AO12: 0 | AP12: 0 | AQ12: 0 | AR12: 0 | AS12: 0 | AT12: 0 | AU12: 0 | AV12: 0 | AW12: 0 | AX12: 0 | AY12: 0 | AZ12: 0 | BA12: 0 | BB12: 0 | BC12: 0 | BD12: 0 | BE12: 0 | BF12: 0 | BG12: 0 | BH12: 0 | BI12: 0 | BJ12: 0 | BK12: 0 | BL12: 0 | BM12: 0 | BN12: 0 | BO12: 0 | BP12: 0 | BQ12: 0 | BR12: 0 | BS12: 0 | BT12: 0 | BU12: 0 | BV12: 0 | BW12: 0 | BX12: 0 | BY12: 0 | BZ12: 0 | CA12: 0 | CB12: 0 | CC12: 0 | CD12: 0 | CE12: 0 | CF12: 0 | CG12: 0 | CH12: 0 | CI12: 0 | CJ12: 0 | CK12: 0 | CL12: 0 | CM12: 0 | CN12: 0 | CO12: 0 | CP12: 0 | CQ12: 0 | CR12: 0 | CS12: 0 | CT12: 0 | CU12: 0 | CV12: 0 | CW12: 0 | CX12: 0 | CY12: 0 | CZ12: 0 | DA12: =SUM(D12:CZ12) -> 387957.53 | DB12: 387957.54 | DC12: =DA12-DB12 -> -0.01
B13: FPUrban Agriculture Non-Receiver of Wage & Salary | C13: 4 | D13: 0 | E13: 0 | F13: 0 | G13: 0 | H13: 0 | I13: 0 | J13: 0 | K13: 0 | L13: 0 | M13: 0 | N13: 0 | O13: 0 | P13: 0 | Q13: 0 | R13: 0 | S13: 0 | T13: 0 | U13: 0 | V13: 0 | W13: 0 | X13: 0 | Y13: 0 | Z13: 0 | AA13: 0 | AB13: 0 | AC13: 0 | AD13: 0 | AE13: 25860.44 | AF13: 3349.7 | AG13: 5107.45 | AH13: 785.13 | AI13: 5316.75 | AJ13: 0 | AK13: 0 | AL13: 0 | AM13: 0 | AN13: 0 | AO13: 0 | AP13: 0 | AQ13: 0 | AR13: 0 | AS13: 0 | AT13: 0 | AU13: 0 | AV13: 0 | AW13: 0 | AX13: 0 | AY13: 0 | AZ13: 0 | BA13: 0 | BB13: 0 | BC13: 0 | BD13: 0 | BE13: 0 | BF13: 0 | BG13: 0 | BH13: 0 | BI13: 0 | BJ13: 0 | BK13: 0 | BL13: 0 | BM13: 0 | BN13: 0 | BO13: 0 | BP13: 0 | BQ13: 0 | BR13: 0 | BS13: 0 | BT13: 0 | BU13: 0 | BV13: 0 | BW13: 0 | BX13: 0 | BY13: 0 | BZ13: 0 | CA13: 0 | CB13: 0 | CC13: 0 | CD13: 0 | CE13: 0 | CF13: 0 | CG13: 0 | CH13: 0 | CI13: 0 | CJ13: 0 | CK13: 0 | CL13: 0 | CM13: 0 | CN13: 0 | CO13: 0 | CP13: 0 | CQ13: 0 | CR13: 0 | CS13: 0 | CT13: 0 | CU13: 0 | CV13: 0 | CW13: 0 | CX13: 0 | CY13: 0 | CZ13: 0 | DA13: =SUM(D13:CZ13) -> 40419.47 | DB13: 40419.46 | DC13: =DA13-DB13 -> 0.01
B14: FPRural Production, Transportation Operator, Manual Labourer Receiver of Wage & Salary | C14: 5 | D14: 0 | E14: 0 | F14: 0 | G14: 0 | H14: 0 | I14: 0 | J14: 0 | K14: 0 | L14: 0 | M14: 0 | N14: 0 | O14: 0 | P14: 0 | Q14: 0 | R14: 0 | S14: 0 | T14: 0 | U14: 0 | V14: 0 | W14: 0 | X14: 0 | Y14: 0 | Z14: 0 | AA14: 0 | AB14: 0 | AC14: 0 | AD14: 0 | AE14: 194.74 | AF14: 1568.1 | AG14: 1800.42 | AH14: 1043.36 | AI14: 415.35 | AJ14: 10843.29 | AK14: 11380.92 | AL14: 23357.46 | AM14: 6743.23 | AN14: 8876.75 | AO14: 19669.15 | AP14: 26002.04 | AQ14: 2259.48 | AR14: 74258.85 | AS14: 5146.98 | AT14: 216.98 | AU14: 95.45 | AV14: 13630.97 | AW14: 2771.3 | AX14: 383.46 | AY14: 1228.3 | AZ14: 3057.47 | BA14: 5391.42 | BB14: 0 | BC14: 0 | BD14: 0 | BE14: 0 | BF14: 0 | BG14: 0 | BH14: 0 | BI14: 0 | BJ14: 0 | BK14: 0 | BL14: 0 | BM14: 0 | BN14: 0 | BO14: 0 | BP14: 0 | BQ14: 0 | BR14: 0 | BS14: 0 | BT14: 0 | BU14: 0 | BV14: 0 | BW14: 0 | BX14: 0 | BY14: 0 | BZ14: 0 | CA14: 0 | CB14: 0 | CC14: 0 | CD14: 0 | CE14: 0 | CF14: 0 | CG14: 0 | CH14: 0 | CI14: 0 | CJ14: 0 | CK14: 0 | CL14: 0 | CM14: 0 | CN14: 0 | CO14: 0 | CP14: 0 | CQ14: 0 | CR14: 0 | CS14: 0 | CT14: 0 | CU14: 0 | CV14: 0 | CW14: 0 | CX14: 0 | CY14: 0 | CZ14: 0 | DA14: =SUM(D14:CZ14) -> 220335.47 | DB14: 220335.46 | DC14: =DA14-DB14 -> 0.01
B15: FPUrban Production, Transportation Operator, Manual Labourer Receiver of Wage & Salary | C15: 6 | D15: 0 | E15: 0 | F15: 0 | G15: 0 | H15: 0 | I15: 0 | J15: 0 | K15: 0 | L15: 0 | M15: 0 | N15: 0 | O15: 0 | P15: 0 | Q15: 0 | R15: 0 | S15: 0 | T15: 0 | U15: 0 | V15: 0 | W15: 0 | X15: 0 | Y15: 0 | Z15: 0 | AA15: 0 | AB15: 0 | AC15: 0 | AD15: 0 | AE15: 99.06 | AF15: 780.34 | AG15: 1524.75 | AH15: 189.61 | AI15: 778.77 | AJ15: 18415.58 | AK15: 9387.93 | AL15: 41895.13 | AM15: 22872.9 | AN15: 9377.87 | AO15: 81378.95 | AP15: 62637.9 | AQ15: 3524.68 | AR15: 73167.19 | AS15: 18664.06 | AT15: 1814.74 | AU15: 315.84 | AV15: 20366.39 | AW15: 10480.23 | AX15: 1461.9 | AY15: 4913.48 | AZ15: 14453.49 | BA15: 15070.86 | BB15: 0 | BC15: 0 | BD15: 0 | BE15: 0 | BF15: 0 | BG15: 0 | BH15: 0 | BI15: 0 | BJ15: 0 | BK15: 0 | BL15: 0 | BM15: 0 | BN15: 0 | BO15: 0 | BP15: 0 | BQ15: 0 | BR15: 0 | BS15: 0 | BT15: 0 | BU15: 0 | BV15: 0 | BW15: 0 | BX15: 0 | BY15: 0 | BZ15: 0 | CA15: 0 | CB15: 0 | CC15: 0 | CD15: 0 | CE15: 0 | CF15: 0 | CG15: 0 | CH15: 0 | CI15: 0 | CJ15: 0 | CK15: 0 | CL15: 0 | CM15: 0 | CN15: 0 | CO15: 0 | CP15: 0 | CQ15: 0 | CR15: 0 | CS15: 0 | CT15: 0 | CU15: 0 | CV15: 0 | CW15: 0 | CX15: 0 | CY15: 0 | CZ15: 386.76 | DA15: =SUM(D15:CZ15) -> 413958.41 | DB15: 413958.38 | DC15: =DA15-DB15 -> 0.03
B16: FPRural Production, Transportation Operator, Manual Labourer Non-Receiver of Wage & Salary | C16: 7 | D16: 0 | E16: 0 | F16: 0 | G16: 0 | H16: 0 | I16: 0 | J16: 0 | K16: 0 | L16: 0 | M16: 0 | N16: 0 | O16: 0 | P16: 0 | Q16: 0 | R16: 0 | S16: 0 | T16: 0 | U16: 0 | V16: 0 | W16: 0 | X16: 0 | Y16: 0 | Z16: 0 | AA16: 0 | AB16: 0 | AC16: 0 | AD16: 0 | AE16: 874.52 | AF16: 313.08 | AG16: 136.73 | AH16: 312.29 | AI16: 73.02 | AJ16: 0 | AK16: 12938.94 | AL16: 16999.49 | AM16: 4626.53 | AN16: 9072.24 | AO16: 19819.73 | AP16: 22587.78 | AQ16: 220.69 | AR16: 11830.1 | AS16: 5549.07 | AT16: 808.97 | AU16: 175.91 | AV16: 12231.47 | AW16: 9081.07 | AX16: 32.95 | AY16: 168.03 | AZ16: 1439.79 | BA16: 2755.06 | BB16: 0 | BC16: 0 | BD16: 0 | BE16: 0 | BF16: 0 | BG16: 0 | BH16: 0 | BI16: 0 | BJ16: 0 | BK16: 0 | BL16: 0 | BM16: 0 | BN16: 0 | BO16: 0 | BP16: 0 | BQ16: 0 | BR16: 0 | BS16: 0 | BT16: 0 | BU16: 0 | BV16: 0 | BW16: 0 | BX16: 0 | BY16: 0 | BZ16: 0 | CA16: 0 | CB16: 0 | CC16: 0 | CD16: 0 | CE16: 0 | CF16: 0 | CG16: 0 | CH16: 0 | CI16: 0 | CJ16: 0 | CK16: 0 | CL16: 0 | CM16: 0 | CN16: 0 | CO16: 0 | CP16: 0 | CQ16: 0 | CR16: 0 | CS16: 0 | CT16: 0 | CU16: 0 | CV16: 0 | CW16: 0 | CX16: 0 | CY16: 0 | CZ16: 0 | DA16: =SUM(D16:CZ16) -> 132047.46 | DB16: 132047.44 | DC16: =DA16-DB16 -> 0.02
B17: FPUrban Production, Transportation Operator, Manual Labourer Non-Receiver of Wage & Salary | C17: 8 | D17: 0 | E17: 0 | F17: 0 | G17: 0 | H17: 0 | I17: 0 | J17: 0 | K17: 0 | L17: 0 | M17: 0 | N17: 0 | O17: 0 | P17: 0 | Q17: 0 | R17: 0 | S17: 0 | T17: 0 | U17: 0 | V17: 0 | W17: 0 | X17: 0 | Y17: 0 | Z17: 0 | AA17: 0 | AB17: 0 | AC17: 0 | AD17: 0 | AE17: 117.87 | AF17: 127.19 | AG17: 79.98 | AH17: 90.12 | AI17: 31.91 | AJ17: 0 | AK17: 6935.1 | AL17: 15336.33 | AM17: 4499.48 | AN17: 5734.98 | AO17: 12736.83 | AP17: 7668.89 | AQ17: 423.44 | AR17: 10749.93 | AS17: 14391.36 | AT17: 1403.87 | AU17: 202.78 | AV17: 24786.63 | AW17: 5620.02 | AX17: 159.96 | AY17: 287.92 | AZ17: 3779.1 | BA17: 5100.08 | BB17: 0 | BC17: 0 | BD17: 0 | BE17: 0 | BF17: 0 | BG17: 0 | BH17: 0 | BI17: 0 | BJ17: 0 | BK17: 0 | BL17: 0 | BM17: 0 | BN17: 0 | BO17: 0 | BP17: 0 | BQ17: 0 | BR17: 0 | BS17: 0 | BT17: 0 | BU17: 0 | BV17: 0 | BW17: 0 | BX17: 0 | BY17: 0 | BZ17: 0 | CA17: 0 | CB17: 0 | CC17: 0 | CD17: 0 | CE17: 0 | CF17: 0 | CG17: 0 | CH17: 0 | CI17: 0 | CJ17: 0 | CK17: 0 | CL17: 0 | CM17: 0 | CN17: 0 | CO17: 0 | CP17: 0 | CQ17: 0 | CR17: 0 | CS17: 0 | CT17: 0 | CU17: 0 | CV17: 0 | CW17: 0 | CX17: 0 | CY17: 0 | CZ17: 0 | DA17: =SUM(D17:CZ17) -> 120263.77 | DB17: 120263.76 | DC17: =DA17-DB17 -> 0.01
B18: FPRural Administration, Marketing, Services Receiver of Wage & Salary | C18: 9 | D18: 0 | E18: 0 | F18: 0 | G18: 0 | H18: 0 | I18: 0 | J18: 0 | K18: 0 | L18: 0 | M18: 0 | N18: 0 | O18: 0 | P18: 0 | Q18: 0 | R18: 0 | S18: 0 | T18: 0 | U18: 0 | V18: 0 | W18: 0 | X18: 0 | Y18: 0 | Z18: 0 | AA18: 0 | AB18: 0 | AC18: 0 | AD18: 0 | AE18: 152.73 | AF18: 1264 | AG18: 1564.56 | AH18: 516.6 | AI18: 373.24 | AJ18: 3019.49 | AK18: 406.42 | AL18: 3316.34 | AM18: 537.08 | AN18: 318.59 | AO18: 2619.28 | AP18: 2933 | AQ18: 903.81 | AR18: 1137.16 | AS18: 23263.55 | AT18: 8200.32 | AU18: 918.16 | AV18: 3159.11 | AW18: 4275.29 | AX18: 6883.44 | AY18: 1792.5 | AZ18: 18213.74 | BA18: 6518.23 | BB18: 0 | BC18: 0 | BD18: 0 | BE18: 0 | BF18: 0 | BG18: 0 | BH18: 0 | BI18: 0 | BJ18: 0 | BK18: 0 | BL18: 0 | BM18: 0 | BN18: 0 | BO18: 0 | BP18: 0 | BQ18: 0 | BR18: 0 | BS18: 0 | BT18: 0 | BU18: 0 | BV18: 0 | BW18: 0 | BX18: 0 | BY18: 0 | BZ18: 0 | CA18: 0 | CB18: 0 | CC18: 0 | CD18: 0 | CE18: 0 | CF18: 0 | CG18: 0 | CH18: 0 | CI18: 0 | CJ18: 0 | CK18: 0 | CL18: 0 | CM18: 0 | CN18: 0 | CO18: 0 | CP18: 0 | CQ18: 0 | CR18: 0 | CS18: 0 | CT18: 0 | CU18: 0 | CV18: 0 | CW18: 0 | CX18: 0 | CY18: 0 | CZ18: 0 | DA18: =SUM(D18:CZ18) -> 92286.64 | DB18: 92286.63 | DC18: =DA18-DB18 -> 0.01
B19: FPUrban Administration, Marketing, Services Receiver of Wage & Salary | C19: 10 | D19: 0 | E19: 0 | F19: 0 | G19: 0 | H19: 0 | I19: 0 | J19: 0 | K19: 0 | L19: 0 | M19: 0 | N19: 0 | O19: 0 | P19: 0 | Q19: 0 | R19: 0 | S19: 0 | T19: 0 | U19: 0 | V19: 0 | W19: 0 | X19: 0 | Y19: 0 | Z19: 0 | AA19: 0 | AB19: 0 | AC19: 0 | AD19: 0 | AE19: 70.01 | AF19: 585.68 | AG19: 1253.98 | AH19: 673.23 | AI19: 763.55 | AJ19: 16756.05 | AK19: 1086.47 | AL19: 10626.18 | AM19: 4610.58 | AN19: 1226.85 | AO19: 27386.13 | AP19: 25555.21 | AQ19: 4704.17 | AR19: 10610.4 | AS19: 104314.51 | AT19: 34222.99 | AU19: 5397.2 | AV19: 8284.72 | AW19: 25220.8 | AX19: 33084.13 | AY19: 16449.11 | AZ19: 66698.61 | BA19: 34877.2 | BB19: 0 | BC19: 0 | BD19: 0 | BE19: 0 | BF19: 0 | BG19: 0 | BH19: 0 | BI19: 0 | BJ19: 0 | BK19: 0 | BL19: 0 | BM19: 0 | BN19: 0 | BO19: 0 | BP19: 0 | BQ19: 0 | BR19: 0 | BS19: 0 | BT19: 0 | BU19: 0 | BV19: 0 | BW19: 0 | BX19: 0 | BY19: 0 | BZ19: 0 | CA19: 0 | CB19: 0 | CC19: 0 | CD19: 0 | CE19: 0 | CF19: 0 | CG19: 0 | CH19: 0 | CI19: 0 | CJ19: 0 | CK19: 0 | CL19: 0 | CM19: 0 | CN19: 0 | CO19: 0 | CP19: 0 | CQ19: 0 | CR19: 0 | CS19: 0 | CT19: 0 | CU19: 0 | CV19: 0 | CW19: 0 | CX19: 0 | CY19: 0 | CZ19: 673.98 | DA19: =SUM(D19:CZ19) -> 435131.74 | DB19: 435131.74 | DC19: =DA19-DB19 -> 0
B20: FPRural Administration, Marketing, Services Non-Receiver of Wage & Salary | C20: 11 | D20: 0 | E20: 0 | F20: 0 | G20: 0 | H20: 0 | I20: 0 | J20: 0 | K20: 0 | L20: 0 | M20: 0 | N20: 0 | O20: 0 | P20: 0 | Q20: 0 | R20: 0 | S20: 0 | T20: 0 | U20: 0 | V20: 0 | W20: 0 | X20: 0 | Y20: 0 | Z20: 0 | AA20: 0 | AB20: 0 | AC20: 0 | AD20: 0 | AE20: 678.12 | AF20: 214.92 | AG20: 171.44 | AH20: 57.23 | AI20: 143.39 | AJ20: 0 | AK20: 961.99 | AL20: 1139.59 | AM20: 88.45 | AN20: 33.49 | AO20: 542.85 | AP20: 1510.8 | AQ20: 232.2 | AR20: 528.01 | AS20: 117168.95 | AT20: 19138.85 | AU20: 189.24 | AV20: 1078.14 | AW20: 2025.95 | AX20: 291.39 | AY20: 650.69 | AZ20: 1846.42 | BA20: 1755.06 | BB20: 0 | BC20: 0 | BD20: 0 | BE20: 0 | BF20: 0 | BG20: 0 | BH20: 0 | BI20: 0 | BJ20: 0 | BK20: 0 | BL20: 0 | BM20: 0 | BN20: 0 | BO20: 0 | BP20: 0 | BQ20: 0 | BR20: 0 | BS20: 0 | BT20: 0 | BU20: 0 | BV20: 0 | BW20: 0 | BX20: 0 | BY20: 0 | BZ20: 0 | CA20: 0 | CB20: 0 | CC20: 0 | CD20: 0 | CE20: 0 | CF20: 0 | CG20: 0 | CH20: 0 | CI20: 0 | CJ20: 0 | CK20: 0 | CL20: 0 | CM20: 0 | CN20: 0 | CO20: 0 | CP20: 0 | CQ20: 0 | CR20: 0 | CS20: 0 | CT20: 0 | CU20: 0 | CV20: 0 | CW20: 0 | CX20: 0 | CY20: 0 | CZ20: 0 | DA20: =SUM(D20:CZ20) -> 150447.17 | DB20: 150447.17 | DC20: =DA20-DB20 -> 0
B21: FPUrban Administration, Marketing, Services Non-Receiver of Wage & Salary | C21: 12 | D21: 0 | E21: 0 | F21: 0 | G21: 0 | H21: 0 | I21: 0 | J21: 0 | K21: 0 | L21: 0 | M21: 0 | N21: 0 | O21: 0 | P21: 0 | Q21: 0 | R21: 0 | S21: 0 | T21: 0 | U21: 0 | V21: 0 | W21: 0 | X21: 0 | Y21: 0 | Z21: 0 | AA21: 0 | AB21: 0 | AC21: 0 | AD21: 0 | AE21: 173.63 | AF21: 93.53 | AG21: 142.81 | AH21: 56.33 | AI21: 82.61 | AJ21: 0 | AK21: 568.46 | AL21: 1726.78 | AM21: 346.84 | AN21: 54.07 | AO21: 953.4 | AP21: 272.94 | AQ21: 200.67 | AR21: 2927.28 | AS21: 158764.5 | AT21: 36165.61 | AU21: 992.46 | AV21: 1685.74 | AW21: 2382.02 | AX21: 431.25 | AY21: 7256.16 | AZ21: 7274.71 | BA21: 3974.58 | BB21: 0 | BC21: 0 | BD21: 0 | BE21: 0 | BF21: 0 | BG21: 0 | BH21: 0 | BI21: 0 | BJ21: 0 | BK21: 0 | BL21: 0 | BM21: 0 | BN21: 0 | BO21: 0 | BP21: 0 | BQ21: 0 | BR21: 0 | BS21: 0 | BT21: 0 | BU21: 0 | BV21: 0 | BW21: 0 | BX21: 0 | BY21: 0 | BZ21: 0 | CA21: 0 | CB21: 0 | CC21: 0 | CD21: 0 | CE21: 0 | CF21: 0 | CG21: 0 | CH21: 0 | CI21: 0 | CJ21: 0 | CK21: 0 | CL21: 0 | CM21: 0 | CN21: 0 | CO21: 0 | CP21: 0 | CQ21: 0 | CR21: 0 | CS21: 0 | CT21: 0 | CU21: 0 | CV21: 0 | CW21: 0 | CX21: 0 | CY21: 0 | CZ21: 0 | DA21: =SUM(D21:CZ21) -> 226526.38 | DB21: 226526.39 | DC21: =DA21-DB21 -> -0.01
... B110: Overseas RoW Account | C110: 101 | D110: 0 | E110: 0 | F110: 0 | G110: 0 | H110: 0 | I110: 1260.46 | J110: 0 | K110: 0 | L110: 0 | M110: 1649.03 | N110: 0 | O110: 0 | P110: 0 | Q110: 2510.17 | R110: 0 | S110: 0 | T110: 91226.99 | U110: 136.19 | V110: 2857.86 | W110: 1978.76 | X110: 649.76 | Y110: 2327.2 | Z110: 4137.81 | AA110: 1479.33 | AB110: 5726.38 | AC110: 56496.89 | AD110: 28699.72 | AE110: 0 | AF110: 0 | AG110: 0 | AH110: 0 | AI110: 0 | AJ110: 0 | AK110: 0 | AL110: 0 | AM110: 0 | AN110: 0 | AO110: 0 | AP110: 0 | AQ110: 0 | AR110: 0 | AS110: 0 | AT110: 0 | AU110: 0 | AV110: 0 | AW110: 0 | AX110: 0 | AY110: 0 | AZ110: 0 | BA110: 0 | BB110: 0 | BC110: 0 | BD110: 0 | BE110: 0 | BF110: 0 | BG110: 0 | BH110: 0 | BI110: 0 | BJ110: 0 | BK110: 0 | BL110: 0 | BM110: 0 | BN110: 0 | BO110: 0 | BP110: 0 | BQ110: 0 | BR110: 0 | BS110: 0 | BT110: 0 | BU110: 0 | BV110: 0 | BW110: 0 | BX110: 0 | BY110: 0 | BZ110: 0 | CA110: 38035.09 | CB110: 11071.22 | CC110: 4509.21 | CD110: 578.27 | CE110: 192.09 | CF110: 134406.64 | CG110: 6260.48 | CH110: 59269.68 | CI110: 16972.81 | CJ110: 3872.79 | CK110: 494480.73 | CL110: 389624.73 | CM110: 0 | CN110: 0 | CO110: 11775.94 | CP110: 8556.37 | CQ110: 16241.22 | CR110: 1413.63 | CS110: 65159.72 | CT110: 9841.92 | CU110: 50849.23 | CV110: 14290.11 | CW110: 10354.04 | CX110: 36683.94 | CY110: 0 | CZ110: 0 | DA110: =SUM(D110:CZ110) -> 1585576.4 | DB110: 1585576.4 | DC110: =DA110-DB110 -> -0.01
C111: Total | D111: =SUM(D10:D110) -> 131127.83 | E111: =SUM(E10:E110) -> 35006.16 | F111: =SUM(F10:F110) -> 387957.54 | G111: =SUM(G10:G110) -> 40419.46 | H111: =SUM(H10:H110) -> 220335.46 | I111: =SUM(I10:I110) -> 413958.38 | J111: =SUM(J10:J110) -> 132047.44 | K111: =SUM(K10:K110) -> 120263.76 | ... CZ111: =SUM(CZ10:CZ110) -> 1585576.4
D112: 131127.84 | E112: 35006.16 | F112: 387957.53 | G112: 40419.47 | H112: 220335.47 | I112: 413958.41 | J112: 132047.46 | K112: 120263.77 | L112: 92286.64 | M112: 435131.74 | N112: 150447.17 | O112: 226526.38 | P112: 70180.93 | Q112: 192172.92 | R112: 13012.01 | S112: 33451.07 | T112: 2470975 | U112: 176756.68 | V112: 731562.84 | W112: 494234.22 | X112: 173151.85 | Y112: 468454.5 | Z112: 710495.47 | AA112: 243905.48 | AB112: 827883.49 | AC112: 1916701.7 | AD112: 1264033.4 | AE112: 468256.54 | AF112: 202251.11 | AG112: 265105.49 | AH112: 52221.85 | AI112: 182474.58 | AJ112: 610107.14 | AK112: 82053.44 | AL112: 952513.77 | AM112: 292371.06 | AN112: 173145.44 | AO112: 1246992.6 | AP112: 1162701.2 | AQ112: 206047.02 | AR112: 1219988.9 | AS112: 1013876.8 | AT112: 285031.99 | AU112: 39602.62 | AV112: 266367.4 | AW112: 326708.7 | AX112: 268189.98 | AY112: 286491.48 | AZ112: 493328.1 | BA112: 279257.25 | BB112: 999122.75 | BC112: 171856.9 | BD112: 577140.56 | BE112: 222204.68 | BF112: 353117.38 | BG112: 63838.69 | BH112: 246164.73 | BI112: 639241.02 | BJ112: 100345 | BK112: 1207353 | BL112: 336299.77 | BM112: 212728.62 | BN112: 1499127.3 | BO112: 1241017.4 | BP112: 124490.71 | BQ112: 1243975.6 | BR112: 1050092.4 | BS112: 294529.52 | BT112: 42569.75 | BU112: 273462.38 | BV112: 335669.67 | BW112: 270696.13 | BX112: 295933.46 | BY112: 496717.1 | BZ112: 286239.84 | CA112: 46187.62 | CB112: 13912.99 | CC112: 6079.44 | CD112: 756.29 | CE112: 313.62 | CF112: 135095.05 | CG112: 8131.66 | CH112: 85697.79 | CI112: 26025.85 | CJ112: 4925.1 | CK112: 649526.97 | CL112: 460967.9 | CM112: 0 | CN112: 0 | CO112: 11775.93 | CP112: 8556.38 | CQ112: 16241.2 | CR112: 1413.63 | CS112: 65159.73 | CT112: 9841.93 | CU112: 50849.22 | CV112: 14290.11 | CW112: 10355.01 | CX112: 1545514.5 | CY112: 585831.35 | CZ112: 1585576.4
D113: =D111-D112 -> -0.01 | E113: =E111-E112 -> 0 | F113: =F111-F112 -> 0.01 | G113: =G111-G112 -> -0.01 | H113: =H111-H112 -> -0.01 | I113: =I111-I112 -> -0.03 | J113: =J111-J112 -> -0.02 | K113: =K111-K112 -> -0.01 | ... CZ113: =CZ111-CZ112 -> 0.01
